 Seeded DCSS version 0.29-a0-664-gff9cad4 (webtiles) character file.

Game seed: 2767337840731368785 (custom seed)

19304217 PurpleRed the Archmage (level 27, 199/199 HPs)
             Began as a Gargoyle Ice Elementalist on June 20, 2022.
             Was the Champion of Vehumet.
             Escaped with the Orb
             ... and 15 runes on June 22, 2022!
             The game lasted 09:11:35 (79504 turns).

PurpleRed the Archmage (Gargoyle Ice Elementalist) Turns: 79504, Time: 09:11:35

Health: 199/199    AC: 28    Str: 14    XL:     27
Magic:  54/54      EV: 17    Int: 46    God:    Vehumet [******]
Gold:   8323       SH: 16    Dex: 10    Spells: 7/80 levels left

rFire   + + +      SeeInvis +   a - staff of conjuration
rCold   + + +      Faith    .   G - +2 shield of Resistance {rF++ rC++ Will++}
rNeg    + + +      Spirit   .   B - +0 robe of the Gloaming {Will- rCorr Int+7}
rPois   ∞          Reflect  .   s - -2 hat of the Alchemist {rElec rPois rF+ rC+ rN+ Will+ rMut rCorr}
rElec   +          Harm     .   H - +2 cloak {Will+}
rCorr   +          Rampage  .   Q - +1 pair of gloves of Patterns {Int+5}
rMut    +          Archmagi +   S - +2 pair of boots {rF+}
Will    +++++                   f - amulet of Vitality {RegenMP++ Regen++}
Stlth   +.........              h - ring of Wishful Thinking {rPois rN++ Int+6 SInv}
HPRegen 2.03/turn               K - ring of the Mage {Wiz Archmagi}
MPRegen 1.14/turn

@: flying, studying 6 skills
A: sickness immunity, AC +20, big wings, negative energy resistance 1,
electricity resistance, torment resistance 1, petrification resistance,
screaming 1
0: Orb of Zot
}: 15/15 runes: decaying, serpentine, slimy, silver, golden, iron, obsidian,
icy, bone, abyssal, demonic, glowing, magical, fiery, dark
a: Renounce Religion


You escaped.
You worshipped Vehumet.
Vehumet was exalted by your worship.
You visited 18 branches of the dungeon, and saw 89 of its levels.
You visited Pandemonium 1 time, and saw 12 of its levels.
You visited the Abyss 2 times.
You visited 1 ziggurat, and saw 23 of its levels.
You also visited: Bailey and Desolation.

You collected 15173 gold pieces.
You spent 6850 gold pieces at shops.

Inventory:

Hand Weapons
 b - a +9 demon trident of venom
 o - the +8 longbow of Devotion {flame, MP+9 Int+4 Dex+3}
   (You found it in Pandemonium)

   Any ammunition fired from it burns those it strikes, dealing additional fire
   damage.
   Int:       It affects your intelligence (+4).
   Dex:       It affects your dexterity (+3).
   MP:        It affects your magic capacity (+9).
 z - a +0 vorpal bardiche
Armour
 s - the -2 hat of the Alchemist (worn) {rElec rPois rF+ rC+ rN+ Will+ rMut rCorr}
   (You found it on level 7 of a ziggurat)

   rF:        It protects you from fire.
   rC:        It protects you from cold.
   rElec:     It insulates you from electricity.
   rPois:     It protects you from poison.
   rN:        It protects you from negative energy.
   rCorr:     It protects you from acid and corrosion.
   rMut:      It protects you from mutation.
   Will:      It increases your willpower.
 B - the +0 robe of the Gloaming (worn) {Will- rCorr Int+7}
   (You took it off a deep elf demonologist on level 3 of the Elven Halls)

   Int:       It affects your intelligence (+7).
   rCorr:     It protects you from acid and corrosion.
   Will:      It decreases your willpower.
 E - the +2 pair of boots of the Devil {-Tele rElec rF+++ Slay-2}
   (You found it on level 19 of a ziggurat)

   Slay:      It affects your accuracy & damage with ranged weapons and melee
   (-2).
   rF:        It renders you almost immune to fire.
   rElec:     It insulates you from electricity.
   -Tele:     It prevents most forms of teleportation.
 G - the +2 shield of Resistance (worn) {rF++ rC++ Will++}
   (You found it on level 7 of Tartarus)

   rF:        It greatly protects you from fire.
   rC:        It greatly protects you from cold.
   Will:      It greatly increases your willpower.
 H - a +2 cloak of willpower (worn)
 Q - the +1 pair of gloves of Patterns (worn) {Int+5}
   (You found it on level 2 of the Depths)

   Int:       It affects your intelligence (+5).
 S - a +2 pair of boots of fire resistance (worn)
 W - the +4 troll leather armour of Sorcery {Harm Fly rElec Regen+}
   (You found it on level 7 of Gehenna)

   rElec:     It insulates you from electricity.
   Fly:       It grants you flight.
   Regen:     It increases your rate of health regeneration.
   Harm:      It increases damage dealt and taken.
 Z - a +3 buckler of reflection
Magical Staves
 a - a staff of conjuration (weapon)
 T - a staff of cold
 Y - a staff of fire
Jewellery
 e - the ring "Zefiym Cius" {rPois Will+ Str-2 Dex+5}
   (You found it on level 7 of Tartarus)

   [ring of willpower]

   Str:       It affects your strength (-2).
   Dex:       It affects your dexterity (+5).
   rPois:     It protects you from poison.
   Will:      It increases your willpower.
 f - the amulet of Vitality (around neck) {RegenMP++ Regen++}
   (You took it off a rakshasa on level 2 of the Depths)

   [amulet of magic regeneration]

   It increases your rate of magic regeneration.
   Regen:     It increases your rate of health regeneration.
 h - the ring of Wishful Thinking (left hand) {rPois rN++ Int+6 SInv}
   (You took it off a frost giant on level 3 of the Depths)

   [ring of poison resistance]

   Int:       It affects your intelligence (+6).
   rPois:     It protects you from poison.
   rN:        It greatly protects you from negative energy.
   SInv:      It lets you see invisible.
 j - the ring "Ufoicee" {rN+ EV+4 Dex+3 SInv Stlth-}
   (You found it on level 3 of the Depths)

   [ring of evasion]

   EV:        It affects your evasion (+4).
   Dex:       It affects your dexterity (+3).
   rN:        It protects you from negative energy.
   SInv:      It lets you see invisible.
   Stlth:     It makes you less stealthy.
 r - the ring of Gypiko {Fly rPois Will++}
   (You took it off a naga mage on level 4 of the Snake Pit)

   [ring of flight]

   rPois:     It protects you from poison.
   Fly:       It grants you flight.
   Will:      It greatly increases your willpower.
 I - the ring "Ibexey" {Fire Fly rPois Will+}
   (You found it on level 20 of a ziggurat)

   [ring of fire]

   It enhances your fire magic.
   rF:        It protects you from fire.
   rC:        It makes you vulnerable to cold.
   rPois:     It protects you from poison.
   Fly:       It grants you flight.
   Will:      It increases your willpower.
 K - the ring of the Mage (right hand) {Wiz Archmagi}
   (You found it on level 10 of a ziggurat)

   [ring of wizardry]

   It improves your spell success rate.
   Archmagi:  It increases the power of your magical spells.
 N - the ring "Peimp" {rN+ Int+4 SInv}
   (You took it off a vampire on level 3 of the Crypt)

   [ring of positive energy]

   Int:       It affects your intelligence (+4).
   rN:        It protects you from negative energy.
   SInv:      It lets you see invisible.
 R - the ring of Yendor {rC+ rCorr Str+2}
   (You took it off a yaktaur captain on level 5 of the Vaults)

   [ring of protection from cold]

   Str:       It affects your strength (+2).
   rC:        It protects you from cold.
   rCorr:     It protects you from acid and corrosion.
Wands
 g - a wand of iceblast (59)
 y - a wand of digging (5)
 M - a wand of acid (55)
 X - a wand of paralysis (56)
Scrolls
 k - 13 scrolls of amnesia
 m - 43 scrolls of teleportation
 n - 10 scrolls of enchant weapon
 q - 19 scrolls of fog
 t - 7 scrolls of silence
 w - 13 scrolls of magic mapping
 x - 13 scrolls of immolation
 D - 11 scrolls of fear
 F - 5 scrolls of enchant armour
 J - 20 scrolls of blinking
 L - 8 scrolls of summoning
 O - 12 scrolls of poison
Potions
 c - 9 potions of haste
 d - 4 potions of brilliance
 i - 3 potions of invisibility
 l - 33 potions of curing
 p - 3 potions of magic
 u - 2 potions of resistance
 v - 15 potions of ambrosia
 A - 6 potions of cancellation
 C - 6 potions of might
 P - 11 potions of heal wounds
 V - 20 potions of mutation
Miscellaneous
 U - a figurine of a ziggurat


   Skills:
 O Level 27 Fighting
 - Level 14.0 Polearms
 - Level 16.3 Dodging
 - Level 2.1 Stealth
 - Level 19.0 Shields
 O Level 27 Spellcasting
 - Level 24.0 Conjurations
 - Level 4.7 Hexes
 * Level 24.0 Necromancy
 - Level 14.0 Transmutations
 - Level 22.3 Fire Magic
 - Level 21.2 Ice Magic
 - Level 15.0 Air Magic
 - Level 21.0 Earth Magic


You had 7 spell levels left.
You knew the following spells:

 Your Spells              Type           Power      Damage    Failure   Level
a - Fire Storm            Conj/Fire      93%        8d24      1%          9
b - Polar Vortex          Ice            78%        N/A       1%          9
c - Iskenderun's Mystic   Conj/Tloc      100%       2d19      0%          4
d - Shatter               Erth           77%        3d56*     1%          9
e - Death's Door          Necr           81%        N/A       1%          9
f - Fireball              Conj/Fire      93%        3d34      0%          5
g - Iron Shot             Conj/Erth      92%        9d17      0%          6
h - Swiftness             Air            100%       N/A       0%          3
l - Necromutation         Tmut/Necr      75%        N/A       1%          8
m - Blink                 Tloc           100%       N/A       1%          2
z - Chain Lightning       Conj/Air       89%        3d118     1%          9

Your spell library contained the following spells:

 Spells                   Type           Power      Damage    Failure   Level
 Beastly Appendage        Tmut           100%       N/A       0%          1
 Foxfire                  Conj/Fire      100%       2x1d9     0%          1
 Freeze                   Ice            100%       1d11      0%          1
 Magic Dart               Conj           100%       1d8       0%          1
 Necrotize                Necr           100%       1d9       0%          1
 Sandblast                Erth           100%       2d20      0%          1
 Shock                    Conj/Air       100%       1d9       0%          1
 Sting                    Tmut/Pois      100%       1d8       0%          1
 Ensorcelled Hibernation  Hex/Ice        100%       N/A       0%          2
 Passwall                 Tmut/Erth      100%       N/A       0%          2
 Poisonous Vapours        Pois/Air       100%       N/A       0%          2
 Scorch                   Fire           100%       2d10      0%          2
 Searing Ray              Conj           100%       2d8       0%          2
 Static Discharge         Conj/Air       100%       N/A       0%          2
 Wereblood                Tmut           100%       N/A       0%          2
 Conjure Flame            Conj/Fire      100%       6-21      0%          3
 Dazzling Flash           Conj/Hex       100%       N/A       0%          3
 Frozen Ramparts          Ice            100%       1d12      0%          3
 Ignite Poison            Fire/Tmut/Pois 100%       N/A       0%          3
 Inner Flame              Hex/Fire       100%       N/A       0%          3
 Mephitic Cloud           Conj/Pois/Air  100%       N/A       0%          3
 Ozocubu's Armour         Ice            100%       N/A       0%          3
 Stone Arrow              Conj/Erth      100%       3d13      0%          3
 Vampiric Draining        Necr           100%       2d13      0%          3
 Anguish                  Hex/Necr       69%        N/A       0%          4
 Animate Dead             Necr           100%       N/A       0%          4
 Corpse Rot               Necr/Pois/Air  100%       N/A       0%          4
 Dispel Undead            Necr           100%       3d31      0%          4
 Flame Wave               Conj/Fire      100%       2d17      0%          4
 Fulminant Prism          Conj/Hex       82%        3d34      0%          4
 Hailstorm                Conj/Ice       100%       3d20      0%          4
 Ice Form                 Ice/Tmut       100%       N/A       0%          4
 Leda's Liquefaction      Hex/Erth       67%        N/A       0%          4
 Petrify                  Tmut/Erth      100%       N/A       0%          4
 Sticky Flame             Conj/Fire      100%       2d11      0%          4
 Agony                    Necr           100%       N/A       0%          5
 Borgnjor's Vile Clutch   Necr/Erth      79%        N/A       0%          5
 Freezing Cloud           Conj/Ice/Air   89%        6-21      0%          5
 Irradiate                Conj/Tmut      88%        3d42      0%          5
 Iskenderun's Battlesphe  Conj           100%       2d15      0%          5
 Lee's Rapid Deconstruct  Erth           77%        3d36*     0%          5
 Lightning Bolt           Conj/Air       89%        1d117     0%          5
 Conjure Ball Lightning   Conj/Air       89%        3x3d33    0%          6
 Death Channel            Necr           81%        N/A       0%          6
 Simulacrum               Ice/Necr       79%        N/A       0%          6
 Starburst                Conj/Fire      93%        6d23      0%          6
 Orb of Destruction       Conj           94%        9d20      0%          7
 Apportation              Tloc           100%       N/A       1%          1
 Summon Small Mammal      Summ           100%       N/A       1%          1
 Call Canine Familiar     Summ           75%        N/A       1%          3
 Confusing Touch          Hex            100%       N/A       1%          3
 Gell's Gravitas          Tloc           75%        N/A       1%          3
 Lesser Beckoning         Tloc           75%        N/A       1%          3
 Portal Projectile        Hex/Tloc       100%       N/A       1%          3
 Spider Form              Tmut/Pois      100%       N/A       1%          3
 Summon Guardian Golem    Hex/Summ       90%        N/A       1%          3
 Teleport Other           Tloc           75%        N/A       1%          3
 Tukima's Dance           Hex            100%       N/A       1%          3
 Animate Armour           Summ/Erth      100%       N/A       1%          4
 Cause Fear               Hex            51%        N/A       1%          4
 Olgreb's Toxic Radiance  Pois           75%        N/A       1%          4
 Passage of Golubria      Tloc           75%        N/A       1%          4
 Summon Ice Beast         Ice/Summ       100%       N/A       1%          4
 Summon Lightning Spire   Summ/Air       100%       N/A       1%          4
 Alistair's Intoxication  Tmut/Pois      75%        N/A       1%          5
 Blade Hands              Tmut           68%        N/A       1%          5
 Metabolic Englaciation   Hex/Ice        67%        N/A       1%          5
 Silence                  Hex/Air        62%        N/A       1%          5
 Summon Mana Viper        Hex/Summ       90%        N/A       1%          5
 Yara's Violent Unravell  Hex/Tmut       61%        3d23      1%          5
 Eringya's Noxious Bog    Tmut/Pois      56%        N/A       1%          6
 Dragon Form              Tmut           68%        N/A       1%          7
 Haunt                    Necr/Summ      65%        N/A       1%          7
 Ozocubu's Refrigeration  Ice            78%        4d20      1%          7
 Spellforged Servitor     Conj/Summ      78%        N/A       1%          7
 Storm Form               Tmut/Air       69%        N/A       1%          7
 Manifold Assault         Tloc           75%        N/A       3%          5
 Summon Forest            Summ/Tloc      37%        N/A       3%          5
 Dispersal                Tloc           37%        N/A       17%         6
 Summon Cactus Giant      Summ           37%        N/A       17%         6
 Malign Gateway           Summ/Tloc      37%        N/A       65%         7
 Monstrous Menagerie      Summ           37%        N/A       65%         7
 Summon Hydra             Summ           37%        N/A       65%         7
 Borgnjor's Revivificati  Necr           81%        N/A       1%          8
 Ignition                 Fire           79%        3d20      1%          8
 Infestation              Necr           81%        N/A       1%          8
 Lehudib's Crystal Spear  Conj/Erth      92%        10d20     1%          8
 Maxwell's Capacitive Co  Air            70%        ∞         1%          8
 Discord                  Hex            51%        N/A       69%         8
 Disjunction              Tloc           37%        N/A       99%         8
 Dragon's Call            Summ           37%        N/A       100%        9
 Sublimation of Blood     Necr           Unusable   N/A       N/A         2
 Statue Form              Tmut/Erth      Unusable   N/A       N/A         6

Dungeon Overview and Level Annotations

Branches:
Dungeon (15/15)            Temple (1/1) D:6            Lair (6/6) D:10
  Swamp (4/4) Lair:3        Snake (4/4) Lair:3        Slime (5/5) Lair:5
    Orc (2/2) D:9             Elf (3/3) Orc:2        Vaults (5/5) D:13
  Crypt (3/3) Vaults:3       Tomb (3/3) Crypt:3      Depths (4/4) D:15
   Hell (visited)             Dis (7/7) Hell            Geh (7/7) Hell
    Coc (7/7) Hell            Tar (7/7) Hell            Zot (5/5) Depths:4
 Bailey (visited)         Desolation (visited)

Altars:
Ashenzari
Cheibriados
Dithmenos
Elyvilon
Fedhas
Gozag
Hepliaklqana
Kikubaaqudgha
Makhleb
Nemelex Xobeh
Okawaru
Qazlal
Ru
Sif Muna
Trog
Uskayaw
Vehumet
Wu Jian
Xom
Yredelemnul
Zin
The Shining One
Beogh
Jiyva

Shops:
D:7 *   Orc:2 *(:(   Elf:2 *?::   Elf:3 :(?   Snake:2 ?   Vaults:3 ?
Depths:1 (   Depths:3 ?   Depths:4 *

Portals:
Hell: Depths:1 Depths:2 Depths:3 Depths:4
Abyss: Depths:3
Pandemonium: Depths:1 Depths:2

Annotations:
D:2 1 runed translucent door, Crazy Yiuf
D:11 1 runed translucent door, geeeeen's ghost, journeyman FoEE
Lair:4 1 runed translucent door
Snake:2 3 runed translucent doors, Taxman66's ghost, adept BaSu
Elf:2 3 runed translucent doors
Dis:2 10 runed doors


Innate Abilities, Weirdness & Mutations

You are immune to sickness and miasma.
Your stone body is resilient. (AC +20)
You are immune to poison.
Your large and strong wings let you fly.
You resist negative energy. (rN+)
You are resistant to electric shocks. (rElec)
You are resistant to unholy torment.
You are immune to petrification.
You occasionally shout uncontrollably at your foes.


Message History

You feel your power returning.
Casting: Iron Shot (safe; 0% risk of failure)
Confirm with . or Enter, or press ? or * to list all spells.
You feel a surge of power!
The dungeon rumbles!
Ka-crash!
Casting: Shatter (dangerous; 1% risk of failure)
Confirm with . or Enter, or press ? or * to list all spells.
You feel a surge of power!
The dungeon rumbles!
Ka-crash!
An Ice Fiend comes into view.
Casting: Shatter (dangerous; 1% risk of failure)
Confirm with . or Enter, or press ? or * to list all spells.
Aiming: Fire Storm (mildly dangerous; 1% risk of failure)
Press: ? - help, Dir - move target, f - Ice Fiend
Aim: an Ice Fiend You feel a strong surge of power!
A raging storm of fire appears!
The great blast of fire engulfs the Ice Fiend!!!!
The Ice Fiend is burned terribly!
The Ice Fiend is almost dead.
The Ice Fiend gestures at you.
You hear a sizzling sound!
Casting: Fire Storm (mildly dangerous; 1% risk of failure)
Confirm with . or Enter, or press ? or * to list all spells.
Aiming: Fire Storm (mildly dangerous; 1% risk of failure)
Press: ? - help, Dir - move target, f/p - Ice Fiend
Aim: an Ice Fiend (flame, almost dead)
You feel a strong surge of power!
A raging storm of fire appears!
The great blast of fire engulfs the Ice Fiend!!!!
The Ice Fiend is burned terribly!
You kill the Ice Fiend!
Vehumet accepts your kill.
You feel your power returning.
Your Necromancy skill increases to level 24!
Casting: Fire Storm (mildly dangerous; 1% risk of failure)
Confirm with . or Enter, or press ? or * to list all spells.
You feel a surge of power!
The dungeon rumbles!
Ka-crash!
There is a staircase leading out of the dungeon here.
Magic courses through your body.
You have escaped!

##....#........##.............>#
##.###...#.#...####.######.####
# ##......##...###.# #.#
##.......###...##.######.#
##..##.....###...#........#
##..##.....## ##..#.#####..#
##..## #..#.####...#.#......#
...## #......#....#....##.#####
..## #.####.#.@.##.....#.....#
...## #..................#####.#
##..##.#..#.#.##...#.#.....#...#
##..###.##..####..#)....#.######
##..##....# ##..##.#####.#.....
##..#....###...#........#.#### #
##...#..##...##.########.# # #
##..##.#...##...........# # #
##.......##........########


There were no monsters in sight!

Vanquished Creatures
  Cerebov (Pan)
  Antaeus (Coc:7)
  Asmodeus (Geh:7)
  the Royal Jelly (Slime:5)
  the Serpent of Hell (Dis:7)
  Gloorx Vloq (Pan)
  Lom Lobon (Pan)
  Mnoleg (Pan)
  15 dread liches
  Dispater (Dis:7)
  5 ancient liches
  18 orbs of fire
  19 juggernauts
  4 pandemonium lords
  37 royal mummies
  Vv (Depths:4)
  Bai Suzhen (Vaults:4)
  31 shard shrikes
  2 Killer Klowns
  Xtahua (Depths:4)
  19 caustic shrikes
  Saint Roka (Vaults:3)
  2 curse toes
  The ghost of Sichyur the Slayer, a veteran GrVM of Kikubaaqudgha (Depths:2)
  8 profane servitors
  15 golden dragons
  Nikola (Swamp:3)
  12 Tzitzimimeh
  7 Brimstone Fiends
  18 bone dragons
  12 iron giants
  9 doom hounds
  4 electric golems
  15 hellephants
  A spectral shard shrike (Tar:3)
  18 tentacled monstrosities
  Rupert (D:15)
  Mlioglotl (Snake:1)
  Zenata (Vaults:3)
  23 Hell Sentinels
  24 tainted leviathans
  16 searing wretches
  18 Orb Guardians
  Grunn (Crypt:3)
  20 Ice Fiends
  8 liches
  A shard shrike skeleton (Crypt:2)
  32 titans
  3 deep elf blademasters
  5 quicksilver dragons
  13 acid blobs
  4 death cobs
  A walking earthen tome (Depths:3)
  A deep elf master archer (Zig:15)
  22 Executioners
  45 ancient champions
  3 thorn hunters (Swamp:4)
  2 tentacled starspawn (Abyss:2)
  The ghost of SuisLittleHoshiymin the Basher, an adept HuCK of Jiyva (Swamp:3)
  16 sphinxes
  8 tengu reavers
  Kirke (D:15)
  8 storm dragons
  Donald (Snake:2)
  11 shadow dragons
  18 draconian monks
  3 demonspawn warmongers
  3 fenstrider witches (Swamp:4)
  The ghost of Kicir the Blocker, an adept GnFi of Okawaru (Snake:3)
  8 revenants
  15 azure jellies
  17 narguns
  12 rockslimes
  4 deep elf sorcerers
  19 frost giants
  3 emperor scorpions (Zig:20)
  14 draconian scorchers
  30 fire giants
  3 quicksilver elementals
  7 ghost moths
  8 iron dragons
  2 caustic shrike zombies
  8 draconian knights
  2 spectral caustic shrikes
  5 shard shrike simulacra
  4 curse skulls
  A juggernaut zombie (Crypt:3)
  15 vault wardens
  2 imperial myrmidons (Desolation)
  11 cacodemons (Pan)
  26 balrugs
  12 draconian shifters
  3 spectral juggernauts (Tar:3)
  3 deep elf elementalists
  An angel (Abyss:4)
  3 ghouls (Crypt:2)
  14 orc warlords
  16 draconian annihilators
  A broodmother (shapeshifter) (Vaults:5)
  A caustic shrike skeleton (Pan)
  9 quicksilver oozes
  21 stone giants
  10 draconian stormcallers
  27 war gargoyles
  5 ironbound thunderhulks
  17 reapers
  6 demonspawn corrupters (Pan)
  11 ironbound preservers
  4 demonspawn blood saints
  A spriggan defender (Depths:2)
  A quicksilver ooze (shapeshifter) (Zig:23)
  17 vampire knights
  16 bennus
  34 very ugly things
  11 green draconians
  Nessos (Lair:5)
  The ghost of Amet the Severer, a journeyman MiBe of Trog (Swamp:3)
  3 demonspawn black suns (Pan)
  18 putrid mouths
  13 starcursed masses
  5 eleionomae
  17 black draconians
  12 dire elephants
  19 elemental wellsprings
  6 yellow draconians
  5 lorocyprocas (Pan)
  12 entropy weavers
  18 red draconians
  5 bunyips
  9 deep elf demonologists
  12 deep elf annihilators
  11 white draconians
  21 wendigos
  2 halazid warlocks (Desolation)
  15 purple draconians
  5 spark wasps
  An ettin (shapeshifter) (Zig:23)
  12 blizzard demons
  2 spectral quicksilver dragons
  10 eidola
  2 pearl dragon zombies (Crypt:1)
  2 green deaths (Pan)
  2 crystal guardians
  Josephine (Lair:6)
  22 iron golems
  12 deep elf death magi
  A fire dragon (shapeshifter) (Vaults:5)
  26 mummy priests
  19 ettins
  A spectral golden dragon (Tar:7)
  A spectral iron giant (Tar:3)
  16 fire dragons
  3 ragged hierophants
  5 shambling mangroves
  7 spectral spriggans
  4 jiangshi
  8 great orbs of eyes
  A hydra (shapeshifter) (Depths:4)
  29 vault guards
  17 yaktaur captains
  6 deep elf high priests
  2 ghost crabs
  A spriggan zombie (Tomb:2)
  12 boulder beetles
  6 peacekeepers
  13 hydras
  12 salamander tyrants
  10 juggernaut simulacra
  9 ironbound frosthearts
  11 servants of whispers (Desolation)
  4 rakshasas
  11 caustic shrike simulacra
  2 spriggan air magi (Depths:2)
  10 centaur warriors
  12 ogre magi
  A jorogumo (Zig:20)
  11 ice dragons
  3 spriggan skeletons
  2 catoblepae
  An alligator (shapeshifter) (Vaults:5)
  17 anacondas
  4 stokers
  30 two-headed ogres
  10 alligators
  Erica (Orc:1)
  49 dancing weapons
  A death yak (shapeshifter) (Zig:23)
  7 death yaks
  A death knight (Crypt:1)
  15 deep troll shamans
  11 naga warriors
  7 tengu warriors
  12 vampire magi
  18 death scarabs
  Urug (Lair:5)
  8 thrashing horrors
  12 deep troll earth magi
  11 shock serpents
  21 hell hogs
  13 orc high priests
  8 naga sharpshooters
  2 storm dragon zombies
  29 sun demons
  7 spriggan berserkers
  Nergalle (Lair:3)
  Sonja (Lair:3)
  23 deep elf knights
  7 wretched stars
  22 soul eaters
  36 hell knights
  A spectral death yak (Lair:6)
  10 iron trolls
  39 skeletal warriors
  17 spriggans
  A bunyip zombie (Hell)
  3 fire crabs (Zig:17)
  3 pharaoh ants (Zig:20)
  50 deep trolls
  17 shadow wraiths
  13 sixfirhies
  2 sun moths (Zig:20)
  A spatial maelstrom (Abyss:4)
  3 spectral anacondas
  3 spriggan druids
  A sea snake (shapeshifter) (Zig:23)
  A golden dragon zombie (Depths:3)
  10 salamander mystics
  7 crystal echidnas
  5 shadow demons
  A goliath frog (Swamp:1)
  A goliath frog (shapeshifter) (Zig:23)
  4 quicksilver dragon simulacra
  7 orb spiders
  A deep troll (shapeshifter) (Depths:3)
  17 flayed ghosts
  3 death drakes
  An iron giant zombie (Crypt:1)
  5 bog bodies
  4 swamp dragons
  A golden dragon skeleton (Crypt:2)
  An orange crystal statue (Zig:6)
  2 spriggan simulacra (Coc:3)
  7 naga ritualists
  5 glowing orange brains
  14 lindwurms
  A steelbarb worm (Zig:20)
  12 wizards
  15 ironbound convokers
  20 phantasmal warriors
  8 deep elf archers
  3 obsidian statues
  15 orc knights
  36 deep elf pyromancers
  31 ugly things
  An anaconda skeleton (Crypt:3)
  A tengu skeleton (Vaults:4)
  6 harpies
  7 will-o-the-wisps
  18 necromancers
  2 wolf spiders
  16 orc sorcerers
  34 deep elf zephyrmancers
  An oklob plant (Snake:1)
  2 iron dragon skeletons
  7 shining eyes
  2 draconians (Abyss:4)
  A spectral ettin (Tar:3)
  A wolf spider zombie (D:15)
  18 mana vipers
  5 cyclopes
  A draconian zombie (Crypt:1)
  A frost giant zombie (Vaults:4)
  21 salamanders
  28 moths of wrath
  A moth of wrath (shapeshifter) (Zig:23)
  4 apis skeletons (Crypt:1)
  9 elephants
  3 worldbinders
  An ice statue (Zig:6)
  11 guardian serpents
  45 black mambas
  3 dire elephant zombies
  7 rust devils
  A fire giant skeleton (Vaults:5)
  A spectral centaur (Tar:1)
  16 smoke demons
  A frost giant skeleton (Depths:3)
  Maurice (D:12)
  5 molten gargoyles (Hell)
  A stone giant skeleton (Vaults:4)
  20 vault sentinels
  2 centaur zombies
  11 torpor snails
  4 centaur skeletons
  17 naga magi
  2 titan simulacra
  14 orange demons
  An unseen horror (Abyss:2)
  3 eyes of devastation
  14 gargoyles
  22 cane toads
  30 hellions
  35 large abominations
  A yaktaur zombie (Vaults:2)
  5 rime drakes
  10 freezing wraiths
  14 demonic crawlers
  A redback zombie (D:15)
  A green draconian zombie (Crypt:1)
  A bunyip simulacrum (Coc:1)
  A dire elephant skeleton (Abyss:2)
  10 efreet
  An unseen horror (shapeshifter) (D:14)
  An alligator snapping turtle skeleton (Tomb:3)
  5 ice devils
  3 tengu conjurers
  2 anaconda simulacra
  46 yaktaurs
  8 spectral harpies
  3 ancient zymes
  19 komodo dragons
  A golden dragon simulacrum (Depths:4)
  14 tormentors
  7 hellwings
  4 iron giant simulacra
  A hydra zombie (Hell)
  A sea snake zombie (Hell)
  A harpy zombie (Crypt:3)
  18 trolls
  A queen bee (Lair:1)
  49 guardian mummies
  A tengu simulacrum (Zig:12)
  2 sea snake skeletons (Hell)
  A bloated husk (Swamp:4)
  7 red devils
  8 tyrant leeches
  A shadow dragon simulacrum (Coc:1)
  2 polar bears
  A wind drake (shapeshifter) (Zig:23)
  2 wind drakes (Zig:9)
  28 hornets
  42 saltlings
  100 slime creatures
  2 tarantellas (Zig:20)
  A fire dragon zombie (Crypt:1)
  4 raiju
  11 dream sheep
  A hydra skeleton (Hell)
  An iron dragon simulacrum (Depths:3)
  18 blink frogs
  A draconian simulacrum (Coc:2)
  2 harpy skeletons
  A dream sheep (shapeshifter) (Zig:23)
  A stone giant simulacrum (Coc:1)
  A guardian serpent zombie (Crypt:1)
  A centaur simulacrum (D:15)
  A jumping spider (Zig:20)
  4 water elementals
  23 flying skulls
  A culicivora (Vaults:1)
  3 jumping spiders (shapeshifter)
  14 air elementals
  A jumping spider zombie (Crypt:2)
  24 shadows
  An alligator skeleton (Hell)
  2 black mamba skeletons
  An ettin skeleton (Pan)
  10 ynoxinuls
  A spriggan (shapeshifter) (Vaults:5)
  An elf skeleton (Vaults:4)
  13 vampires
  3 dire elephant simulacra
  3 hogs (D:15)
  2 wyverns
  10 fire elementals
  17 wraiths
  66 yaks
  4 fire bats
  22 ushabtiu
  3 golden eyes (Slime:5)
  5 basilisks
  4 chaos spawn (Swamp:4)
  9 redbacks
  A steam dragon (Lair:3)
  15 neqoxecs
  14 vampire mosquitoes
  A naga (shapeshifter) (Vaults:4)
  2 death yak simulacra (Lair:6)
  44 nagas
  5 wargs
  13 harpy simulacra
  4 acid dragons
  5 spatial vortices (Abyss:4)
  17 swamp worms
  Duvessa (D:5)
  4 hydra simulacra
  An ogre skeleton (Vaults:2)
  A floating eye (Depths:1)
  14 hell hounds
  21 water moccasins
  A floating eye (shapeshifter) (Zig:23)
  A faun skeleton (Crypt:2)
  49 orc warriors
  A swamp drake (Swamp:1)
  3 sky beasts
  5 ice beasts
  An ettin simulacrum (Coc:7)
  2 human zombies
  39 ogres
  A swamp dragon zombie (Crypt:1)
  A black bear (Lair:4)
  A black mamba simulacrum (Crypt:2)
  17 centaurs
  2 human skeletons (Vaults:2)
  29 wolves
  A blink frog skeleton (Crypt:1)
  An eye of devastation zombie (Crypt:2)
  An elephant skeleton (Lair:6)
  2 phantoms (D:5)
  5 kobold brigands
  A vine stalker zombie (Crypt:1)
  4 scorpions
  19 bullfrogs
  5 necrophages
  2 gnoll sergeants
  2 cane toad simulacra (Lair:6)
  7 earth elementals
  Dowan (D:5)
  16 wights
  A yak zombie (Crypt:1)
  13 small abominations
  27 killer bees
  8 howler monkeys
  An electric eel (D:6)
  A polar bear skeleton (Crypt:2)
  2 jellies
  2 quasits (Abyss:2)
  A hound (D:7)
  2 iron imps (Abyss:2)
  27 orc priests
  2 gnoll shamans
  4 iguanas
  15 orc wizards
  A hell rat (Zig:19)
  A boggart skeleton (Crypt:2)
  38 mummies
  22 gnolls
  8 adders
  A swamp drake skeleton (Crypt:1)
  2 white imps
  3 ufetubi
  3 worms
  2 dart slugs
  79 orcs
  8 ball pythons
  A bat zombie (Crypt:2)
  10 endoplasms
  7 giant cockroaches
  8 hobgoblins
  4 jackals (D:2)
  2 quokkas
  5 bats
  2 frilled lizards
  10 goblins
  A jackal skeleton (Crypt:2)
  29 kobolds
  3 rats
  A rat (shapeshifter) (Elf:2)
  2 creeping infernos
  30 fire vortices
  A fulminant prism (D:9)
  3 lurking horrors
  A withered plant (Lair:6)
4354 creatures vanquished.

Vanquished Creatures (collateral kills)
  An ancient lich (Vaults:5)
  Geryon (Hell)
  Jory (Crypt:1)
  A tentacled monstrosity (Zot:5)
  A lich (Vaults:5)
  A walking earthen tome (Depths:3)
  2 acid blobs (Slime:5)
  A storm dragon (Zig:4)
  A nagaraja (Snake:4)
  A frost giant (Depths:1)
  3 vault wardens
  Aizul (Snake:1)
  An emperor scorpion (Zig:20)
  A spectral caustic shrike (Tar:4)
  A stone giant (Vaults:5)
  An ironbound preserver (Vaults:3)
  An ironbound thunderhulk (Vaults:2)
  A dire elephant (Snake:3)
  A black draconian (Zig:14)
  A deep elf annihilator (Elf:3)
  An eidolon (Zig:10)
  An ice dragon (Depths:2)
  A ragged hierophant (Desolation)
  A vault guard (Vaults:5)
  A yaktaur captain (Vaults:5)
  A great orb of eyes (Vaults:4)
  A naga warrior (Snake:4)
  A skeletal warrior (Crypt:1)
  A deep troll (Depths:2)
  A swamp dragon (Swamp:4)
  2 ironbound convokers
  An orc knight (Zig:23)
  A necromancer (Crypt:2)
  A mana viper (Snake:4)
  A yaktaur (Vaults:2)
  A silent spectre (Tar:3)
  A bloated husk (Swamp:4)
  4 saltlings (Desolation)
  A great orb of eyes zombie (Crypt:2)
  A spriggan (Swamp:4)
  A shadow (Tar:6)
  A vampire (Crypt:3)
  A water elemental (Depths:1)
  A chaos spawn (Swamp:4)
  A naga (Snake:1)
  A harpy simulacrum (Coc:6)
  A floating eye (shapeshifter) (Zig:23)
  An orc warrior (Vaults:3)
  A small abomination (Abyss:2)
  A human simulacrum (Vaults:5)
  An orc wizard (Vaults:5)
  A killer bee zombie (Crypt:2)
  4 orcs
63 creatures vanquished.

Vanquished Creatures (others)
  A sphinx (Tomb:1)
  An entropy weaver (Zig:20)
  An iron giant simulacrum (Coc:7)
  A tyrant leech (Swamp:3)
  A bloated husk (Swamp:2)
  A fire bat (Pan)
  A small abomination (Abyss:4)
  A bush (Lair:5)
  896 fire vortices
  25 foxfires
  214 fulminant prisms
  77 fungi
  101 plants
  2 starspawn tentacles (Abyss:2)
  9 toadstools (Lair:4)
  58 withered plants
1390 creatures vanquished.

Grand Total: 5807 creatures vanquished

Notes
Turn   | Place    | Note
-------+----------+-------------------------------------------
     0 | D:1      | PurpleRed the Gargoyle Ice Elementalist began the quest for
                  | the Orb.
     0 | D:1      | Reached XP level 1. HP: 10/10 MP: 3/3
   298 | D:1      | Reached XP level 2. HP: 15/15 MP: 2/5
   375 | D:1      | Found a faded altar of an unknown god.
   894 | D:1      | Reached XP level 3. HP: 17/19 MP: 1/7
   898 | D:1      | Learned a level 3 spell: Frozen Ramparts
   902 | D:1      | Learned a level 3 spell: Ozocubu's Armour
  1506 | D:2      | Identified the +1 scale mail "Zaropon" {rC+ rN+ Str+5}
  1721 | D:2      | Found a runed translucent door.
  1722 | D:2      | Noticed Crazy Yiuf
  1812 | D:2      | Reached XP level 4. HP: 24/24 MP: 4/9
  2673 | D:2      | Learned a level 4 spell: Hailstorm
  2758 | D:3      | Found a sparkling altar of Nemelex Xobeh.
  3110 | D:3      | Reached skill level 1 in Conjurations
  3110 | D:3      | Reached XP level 5. HP: 21/28 MP: 2/11
  3346 | D:3      | Found a burning altar of Makhleb.
  3871 | D:4      | Noticed an ogre
  4283 | D:4      | Noticed a sky beast
  4295 | D:4      | Killed a sky beast
  4296 | D:4      | Reached XP level 6. HP: 30/32 MP: 5/13
  4530 | D:4      | Reached skill level 5 in Spellcasting
  4716 | D:4      | Reached skill level 5 in Ice Magic
  4729 | D:4      | Learned a level 4 spell: Fulminant Prism
  4856 | D:4      | Reached XP level 7. HP: 36/36 MP: 5/14
  5161 | D:5      | Entered Level 5 of the Dungeon
  5181 | D:4      | Reached skill level 1 in Hexes
  5247 | D:5      | Reached skill level 5 in Fighting
  5247 | D:5      | Reached XP level 8. HP: 49/49 MP: 14/18
  5251 | D:5      | Learned a level 2 spell: Searing Ray
  5297 | D:5      | Noticed Duvessa
  5297 | D:5      | Noticed Dowan
  5304 | D:5      | Killed Dowan
  5311 | D:5      | Killed Duvessa
  5842 | D:5      | Reached XP level 9. HP: 51/54 MP: 4/20
  6741 | D:6      | Identified the +1 leather armour of Votwof {rF+}
  7019 | D:6      | Found a staircase to the Ecumenical Temple.
  7028 | Temple   | Entered the Ecumenical Temple
  7120 | Temple   | Became a worshipper of Vehumet
  7283 | D:6      | Found a hide-covered altar of Uskayaw.
  7472 | D:7      | Found a flagged portal.
  7540 | Bailey   | Entered a bailey
  8171 | D:7      | Found Ysati's Fire Supplies.
  8367 | D:7      | Identified the +4 hunting sling of Fundamental Breach
                  | {vorpal, Fragile Str+2 Int+2}
  8649 | D:7      | Found a basalt altar of Yredelemnul.
  8651 | D:7      | Noticed a profane servitor
  8658 | D:7      | Found a glowing golden altar of the Shining One.
  8660 | D:7      | Noticed an angel
  8927 | D:8      | Reached XP level 10. HP: 60/60 MP: 12/23
  9060 | D:8      | Reached * piety under Vehumet
  9060 | D:8      | Offered knowledge of Shock by Vehumet.
  9083 | D:8      | Identified a scroll of acquirement
  9084 | D:8      | Acquired the amulet of the Blind Eye {Faith +Blink rPois
                  | Str-4 Int+5}
  9215 | D:8      | Identified the +0 scale mail of Dice, Bag, and Bottle
                  | {Drain +Inv Dex+7}
  9774 | D:8      | Got the Collected Works on Flamy Conjuration
  9782 | D:8      | Learned a level 6 spell: Iron Shot
  9856 | D:9      | Reached skill level 10 in Spellcasting
  9856 | D:9      | Reached skill level 1 in Earth Magic
  9972 | D:9      | Found a staircase to the Orcish Mines.
 10138 | D:9      | Offered knowledge of Static Discharge by Vehumet.
 10138 | D:9      | Reached ** piety under Vehumet
 10973 | D:9      | Found a bloodstained altar of Trog.
 11137 | D:9      | Learned a level 3 spell: Swiftness
 11160 | D:10     | Entered Level 10 of the Dungeon
 11257 | D:10     | Offered knowledge of Poisonous Vapours by Vehumet.
 11336 | D:10     | Reached XP level 11. HP: 64/64 MP: 20/25
 11339 | D:10     | Noticed a two-headed ogre
 11349 | D:10     | Noticed a two-headed ogre
 11373 | D:10     | Killed a two-headed ogre
 11374 | D:10     | Reached skill level 5 in Earth Magic
 11374 | D:10     | Killed a two-headed ogre
 11374 | D:10     | Reached *** piety under Vehumet
 11505 | D:10     | Found a staircase to the Lair.
 11656 | D:10     | Offered knowledge of Sticky Flame by Vehumet.
 11961 | D:10     | Identified the +1 robe of the Beggar {+Blink Str+3 Dex-4}
 11987 | D:10     | Reached **** piety under Vehumet
 12235 | D:10     | Offered knowledge of Yara's Violent Unravelling by Vehumet.
 12398 | D:10     | Reached ***** piety under Vehumet
 12653 | D:10     | Learned a level 4 spell: Iskenderun's Mystic Blast
 12708 | Lair:1   | Entered Level 1 of the Lair of Beasts
 12712 | Lair:1   | Offered knowledge of Lee's Rapid Deconstruction by Vehumet.
 13527 | Lair:1   | Reached XP level 12. HP: 66/70 MP: 17/27
 13983 | Lair:2   | Noticed a boulder beetle
 13994 | Lair:2   | Reached skill level 10 in Conjurations
 14014 | Lair:2   | Killed a boulder beetle
 14141 | Lair:2   | You fall into a shaft and drop 1 floor!
 14156 | Lair:3   | Found a staircase to the Swamp.
 14232 | Lair:3   | Noticed a boulder beetle
 14335 | Lair:3   | Offered knowledge of Irradiate by Vehumet.
 14395 | Lair:3   | Found a staircase to the Snake Pit.
 14456 | Lair:3   | Learned a level 6 spell: Starburst
 14469 | Lair:3   | Noticed Nergalle
 15559 | Lair:3   | Killed a boulder beetle
 15560 | Lair:3   | Reached skill level 1 in Fire Magic
 16066 | Lair:3   | Reached XP level 13. HP: 67/74 MP: 13/30
 16369 | Lair:3   | Killed Nergalle
 16503 | Lair:3   | Reached skill level 5 in Fire Magic
 16700 | Lair:3   | Noticed Sonja
 16709 | Lair:3   | Killed Sonja
 18393 | Lair:4   | Found a runed translucent door.
 19017 | Lair:5   | Noticed Nessos
 19022 | Lair:5   | Noticed Urug
 19038 | Lair:5   | Killed Nessos
 19283 | Lair:5   | Found a viscous altar of Jiyva.
 19284 | Lair:5   | Found a staircase to the Slime Pits.
 19392 | Lair:5   | Offered knowledge of Eringya's Noxious Bog by Vehumet.
 19876 | Lair:5   | Killed Urug
 19877 | Lair:5   | Gained mutation: Your large and strong wings let you fly.
                  | [Gargoyle growth]
 19877 | Lair:5   | Reached XP level 14. HP: 80/80 MP: 14/31
 20556 | Lair:6   | Entered Level 6 of the Lair of Beasts
 21236 | D:7      | Bought a manual of Fire Magic for 1200 gold pieces
 21282 | Orc:1    | Entered Level 1 of the Orcish Mines
 21309 | Orc:1    | Reached skill level 10 in Fire Magic
 21317 | Orc:1    | Killed Erica
 21522 | Orc:1    | Found a burning altar of Makhleb.
 21901 | Lair:6   | Offered knowledge of Iskenderun's Battlesphere by Vehumet.
 22395 | Lair:6   | Noticed Josephine
 22399 | Lair:6   | Killed Josephine
 22890 | Lair:6   | Noticed a dire elephant
 22890 | Lair:6   | Noticed a dire elephant
 22891 | Lair:6   | Noticed a dire elephant
 22891 | Lair:6   | Noticed a dire elephant
 22898 | Lair:6   | Upgraded the game from 0.29-a0-648-g6b26cc9 to
                  | 0.29-a0-651-g437f8d1
 23101 | Orc:2    | Entered Level 2 of the Orcish Mines
 23312 | Orc:2    | Reached XP level 15. HP: 84/84 MP: 22/33
 23323 | Orc:2    | Found Can Kaco's Antique Weapon Emporium.
 23323 | Orc:2    | Found Feore's Weapon Shop.
 23323 | Orc:2    | Found Kax Itol's Assorted Antiques.
 23323 | Orc:2    | Found Simuyz's Book Emporium.
 24064 | Orc:2    | Offered knowledge of Fireball by Vehumet.
 24071 | Orc:2    | Learned a level 5 spell: Fireball
 24770 | Orc:2    | Found a staircase to the Elven Halls.
 25273 | D:7      | Bought a ring of fire for 375 gold pieces
 25285 | D:7      | Bought a +0 pair of boots of fire resistance for 172 gold
                  | pieces
 25989 | D:11     | Found a runed translucent door.
 25989 | D:11     | Noticed geeeeen's ghost (journeyman FoEE)
 26388 | D:12     | Reached skill level 15 in Spellcasting
 26513 | D:12     | You are sucked into a shaft and drop 1 floor!
 26630 | D:12     | Noticed Maurice
 26632 | D:12     | Killed Maurice
 27107 | D:13     | Found a gate to the Vaults.
 27222 | D:13     | Offered knowledge of Freezing Cloud by Vehumet.
 27273 | D:13     | Reached skill level 15 in Fire Magic
 28109 | D:14     | Reached skill level 15 in Conjurations
 28183 | D:14     | Learned a level 5 spell: Freezing Cloud
 29046 | D:15     | Entered Level 15 of the Dungeon
 29237 | D:15     | Reached XP level 16. HP: 88/88 MP: 25/35
 29237 | D:15     | Reached ****** piety under Vehumet
 29239 | D:15     | Noticed Rupert
 29326 | D:15     | Paralysed by Rupert for 3 turns
 29336 | D:15     | Killed Rupert
 29471 | D:15     | Noticed Kirke
 29503 | D:15     | Offered knowledge of Ignition by Vehumet.
 29505 | D:15     | Killed Kirke
 29656 | D:15     | Found a blossoming altar of Fedhas.
 29749 | D:15     | Paralysed by an orc sorcerer for 3 turns
 30011 | D:15     | Found a staircase to the Depths.
 30478 | Elf:1    | Entered Level 1 of the Elven Halls
 31665 | Elf:1    | Learned a level 8 spell: Ignition
 32370 | Elf:2    | Found a runed translucent gate.
 32371 | Elf:2    | Found a runed translucent gate.
 32376 | Elf:2    | Found a runed translucent gate.
 32667 | Elf:2    | Upgraded the game from 0.29-a0-651-g437f8d1 to
                  | 0.29-a0-654-g1c8a42d
 32771 | Elf:2    | Found Ekaacym's Assorted Antiques.
 32772 | Elf:2    | Found Anwiy's Book Boutique.
 32773 | Elf:2    | Found Vuebeat's Magic Scroll Shoppe.
 32773 | Elf:2    | Found Cudabet's Book Shop.
 32853 | Elf:2    | Reached XP level 17. HP: 93/93 MP: 32/37
 33510 | Elf:3    | Entered Level 3 of the Elven Halls
 34433 | Elf:3    | Noticed a deep elf blademaster
 34441 | Elf:3    | Killed a deep elf blademaster
 34585 | Elf:3    | Found Jissac's Magic Scroll Boutique.
 34585 | Elf:3    | Found Zogeunnoa's Antique Weapon Shop.
 34589 | Elf:3    | Found Yppuyz Fiha's Book Boutique.
 34755 | Elf:3    | Identified the +13 chain mail "Setsigi" {Fly rF+ Int+4
                  | Dex+2}
 34755 | Elf:3    | Noticed a deep elf blademaster
 34759 | Elf:3    | Identified the +0 robe of the Gloaming {Will- rCorr Int+7}
 34800 | Elf:3    | Killed a deep elf blademaster
 34815 | Elf:3    | Identified the +7 morningstar of Broken Luck {freeze, Drain
                  | rCorr Dex-3 SInv}
 35166 | Elf:3    | Identified the +8 trident "Fouf" {elec, rElec}
 35344 | Elf:3    | Identified the +7 battleaxe "Kuas" {flame, Will- Str+2
                  | Dex+4 Stlth+}
 35358 | Elf:3    | Offered knowledge of Fire Storm by Vehumet.
 35358 | Elf:3    | Offered knowledge of Chain Lightning by Vehumet.
 35358 | Elf:3    | Offered knowledge of Maxwell's Capacitive Coupling by
                  | Vehumet.
 35361 | Elf:3    | Paralysed by an air elemental for 1 turns
 35361 | Elf:3    | Identified the ring of the Modern Bones {Fire rPois}
 35542 | Elf:2    | Bought 3 scrolls of amnesia for 168 gold pieces
 35555 | Elf:2    | Learned a level 9 spell: Fire Storm
 35757 | Elf:3    | Got Socs's Papyrus of the Icy Entourage
 35760 | Elf:3    | Got the Grimoire of Shifting Bewitchment
 35855 | Elf:3    | Got the Incunabulum of Fetching Attacks
 36056 | D:7      | Bought a manual of Fire Magic for 1200 gold pieces
 36225 | Snake:1  | Entered Level 1 of the Snake Pit
 36470 | Snake:1  | Reached XP level 18. HP: 98/98 MP: 35/39
 36551 | Snake:1  | Noticed Aizul
 36554 | Snake:1  | Killed Aizul
 36902 | Snake:1  | Found a white marble altar of Elyvilon.
 36981 | Snake:1  | Got Zuq Wil's Guide on Moulding and Conjuration
 37662 | Snake:1  | Noticed Mlioglotl
 37667 | Snake:1  | Killed Mlioglotl
 37901 | Snake:2  | Noticed Taxman66's ghost (adept BaSu)
 37902 | Snake:2  | Found a runed translucent gate.
 37902 | Snake:2  | Found a runed translucent gate.
 37903 | Snake:2  | Found a runed translucent gate.
 38099 | Snake:2  | Found Pedecs's Magic Scroll Shop.
 38197 | Snake:2  | Identified the +1 kite shield "Ylyefif" {rN+ rCorr Str+2}
 38197 | Snake:2  | Noticed Donald
 38205 | Snake:2  | Killed Donald
 38786 | Snake:2  | Found a hazy altar of Hepliaklqana.
 39472 | Snake:3  | Found a transporter.
 39475 | Snake:3  | Noticed Kicir's ghost (adept GnFi)
 39491 | Snake:3  | Found a transporter.
 40541 | Snake:3  | Killed Kicir's ghost
 40587 | Snake:4  | Entered Level 4 of the Snake Pit
 40890 | Snake:4  | Reached XP level 19. HP: 103/103 MP: 36/41
 40908 | Snake:4  | Identified the ring of Gypiko {Fly rPois Will++}
 41094 | Snake:4  | Identified the amulet of Zigucze {Spirit rElec rF- rCorr}
 41123 | Snake:4  | Got the Reference Book on Blows and Bruises
 42302 | Snake:4  | Got a serpentine rune of Zot
 42854 | Lair:6   | Identified the +3 robe of Hosomp {rC- MP+9 Str+4}
 43081 | Swamp:1  | Entered Level 1 of the Swamp
 44105 | Swamp:2  | Reached XP level 20. HP: 108/108 MP: 34/43
 44419 | Swamp:3  | Found a runed translucent gate.
 44419 | Swamp:3  | Found a runed translucent gate.
 44419 | Swamp:3  | Found a runed translucent gate.
 44422 | Swamp:3  | Noticed SuisLittleHoshiymin's ghost (adept HuCK)
 44422 | Swamp:3  | Noticed Amet's ghost (journeyman MiBe)
 44494 | Swamp:3  | Killed Amet's ghost
 44498 | Swamp:3  | Killed SuisLittleHoshiymin's ghost
 44754 | Swamp:3  | Noticed Nikola
 44759 | Swamp:3  | Killed Nikola
 45211 | Swamp:4  | Entered Level 4 of the Swamp
 46215 | Swamp:4  | Acquired 1113 gold pieces
 46626 | Swamp:4  | Got a decaying rune of Zot
 46797 | Slime:1  | Entered Level 1 of the Pits of Slime
 46983 | Slime:2  | Reached skill level 1 in Necromancy
 47121 | Slime:3  | Reached XP level 21. HP: 112/112 MP: 38/45
 47313 | Slime:5  | Entered Level 5 of the Pits of Slime
 47799 | Slime:5  | Found a viscous altar of Jiyva.
 48002 | Slime:5  | Found the +14 obsidian axe {vorpal, Mesm Drain Fly SInv}
 48050 | Slime:5  | Noticed the Royal Jelly
 48053 | Slime:5  | Killed the Royal Jelly
 48094 | Slime:5  | Got a slimy rune of Zot
 48095 | Slime:5  | Identified the +4 short sword "Myjexywa" {pain, Fly Str-2
                  | Dex+6}
 48117 | Slime:5  | Identified the +0 leather armour of Lightning Storm {*Slow
                  | rPois rN++ SInv}
 48123 | Slime:5  | Identified the +8 long sword of the Inferno {vorpal, rC-
                  | rN++ Dex+3}
 48180 | Slime:5  | Identified the +10 war axe of Vimucobi {vorpal, *Noise rC+
                  | rCorr Dex+4}
 48183 | Slime:5  | Identified the +0 robe of Light {Will+}
 48520 | Elf:2    | Bought Qinnekho's Compendium of the Compass and the Rocks
                  | for 760 gold pieces
 48522 | Elf:2    | Bought a book of Blood for 476 gold pieces
 48526 | Elf:2    | Bought a scroll of amnesia for 101 gold pieces
 48531 | Elf:2    | Bought a scroll of amnesia for 56 gold pieces
 48531 | Elf:2    | Bought a scroll of magic mapping for 56 gold pieces
 48531 | Elf:2    | Bought a scroll of teleportation for 48 gold pieces
 48545 | Elf:2    | Learned a level 9 spell: Shatter
 48740 | Vaults:1 | Entered Level 1 of the Vaults
 48883 | Vaults:1 | Identified the +4 chain mail of Rusec {rC+++ rCorr Dex-2
                  | SInv}
 50001 | Vaults:2 | Reached skill level 10 in Earth Magic
 50509 | Vaults:2 | You are sucked into a shaft and drop 2 floors!
 50509 | Vaults:4 | Noticed Bai Suzhen
 50512 | Vaults:4 | Killed Bai Suzhen
 50643 | Vaults:4 | Reached XP level 22. HP: 124/124 MP: 39/47
 50778 | Vaults:4 | Found the +9 sword of Zonguldrok {reap}
 50793 | Vaults:4 | Found a crumbling gateway.
 50858 | Desolati | Entered the Desolation of Salt
 51043 | Desolati | Identified the +0 ring mail "Zaunniv Afyo" {Int-5 Slay+5}
 51046 | Desolati | Identified the ring of Buuxiock {Wiz Will+ Str-5 Dex+6}
 51057 | Desolati | Identified the +2 dagger of Untruth {drain, rF+ Will+}
 51057 | Desolati | Identified the ring of Uskayaw, Shifting {rCorr Str-3 Int+4
                  | Dex+7}
 51064 | Desolati | Reached skill level 10 in Fighting
 51116 | Desolati | Got the Almanac of the Displaced Mountains
 51120 | Desolati | Got Caoto's Incunabulum of Flight
 51146 | Desolati | Got the Almanac of Displaced Execration
 51158 | Desolati | Identified the ring of the Saviour {Str+6 Slay+3}
 51221 | Desolati | Identified the +11 hand crossbow of Disembowelment {vorpal,
                  | Fragile rCorr Int+2}
 51533 | Desolati | Identified the +2 war axe of Winter {vorpal, rF+ rCorr
                  | Int+3 Dex+3}
 51546 | Desolati | Got the Tome of the Arsonist and the Rocks
 51560 | Desolati | Got Sif Muna's Compendium of Orientation
 51570 | Desolati | Learned a level 1 spell: Apportation
 51949 | Vaults:3 | Noticed Saint Roka
 51952 | Vaults:3 | Killed Saint Roka
 52452 | Vaults:3 | Found a staircase to the Crypt.
 53083 | Vaults:2 | Identified the +8 short sword of Gozag's Inspiration
                  | {vorpal, Str+3}
 53568 | Vaults:2 | Reached skill level 15 in Earth Magic
 53700 | Vaults:3 | Noticed Zenata
 53708 | Vaults:3 | Killed Zenata
 53992 | Vaults:3 | Identified the +7 arbalest "Orb Guardian's Peril" {penet,
                  | rPois rF+++ MP-9 Dex-4}
 54107 | Vaults:3 | Reached XP level 23. HP: 132/132 MP: 43/48
 54156 | Vaults:3 | Found Suappig's Magic Scroll Shoppe.
 54164 | Vaults:3 | Bought 3 scrolls of teleportation for 117 gold pieces
 54164 | Vaults:3 | Bought a scroll of teleportation for 39 gold pieces
 54164 | Vaults:3 | Bought a scroll of teleportation for 39 gold pieces
 54478 | Vaults:4 | Identified the +1 robe "Sadaych" {rC+ Int-3 Dex+2}
 55196 | Vaults:5 | Entered Level 5 of the Vaults
 55252 | Vaults:5 | Identified the ring of Yendor {rC+ rCorr Str+2}
 55258 | Vaults:5 | Noticed a golden dragon
 55260 | Vaults:5 | Killed a golden dragon
 55288 | Vaults:5 | Identified the +11 long sword of the Stopping Gods {venom,
                  | rPois} (You took it off a vault sentinel on level 5 of the
                  | Vaults)
 55488 | Vaults:5 | Reached XP level 24. HP: 117/137 MP: 32/49
 56290 | Vaults:5 | Noticed an ancient lich
 56293 | Vaults:5 | Killed an ancient lich
 56396 | Vaults:5 | Identified the amulet of Patolygi {Reflect rF+ Slay+2 SH+5}
 56449 | Vaults:5 | Identified the amulet "Febry" {Reflect rElec rC+ Dex+3
                  | SH+5}
 56472 | Vaults:5 | Identified the +9 hunting sling of Yredelemnul's Fury
                  | {vorpal, *Slow rCorr MP+9 Int+2}
 56476 | Vaults:5 | Identified the +1 ring mail "Ynnuol" {Fly rC- Str+7 Dex+3}
 56622 | Vaults:5 | Got Xeumneqo's Handbook of Cloudy Poison
 56835 | Vaults:5 | Got a silver rune of Zot
 57229 | Crypt:1  | Entered Level 1 of the Crypt
 57757 | Crypt:1  | Noticed Jory
 57759 | Crypt:1  | Killed Jory
 58035 | Crypt:1  | Learned a level 8 spell: Necromutation
 58383 | Crypt:1  | Reached skill level 1 in Transmutations
 58399 | Crypt:1  | Found a basalt altar of Yredelemnul.
 58666 | Crypt:2  | Reached skill level 5 in Necromancy
 59646 | Crypt:3  | Entered Level 3 of the Crypt
 60005 | Crypt:3  | Reached XP level 25. HP: 141/141 MP: 45/50
 60233 | Crypt:3  | Identified the ring "Peimp" {rN+ Int+4 SInv}
 60444 | Crypt:3  | Identified the +1 scale mail "Corozomo" {Harm}
 61007 | Crypt:3  | Reached skill level 5 in Transmutations
 61088 | Crypt:3  | Identified the ring of Raluwkekh {rC+ AC+4}
 61088 | Crypt:3  | Noticed Grunn
 61093 | Crypt:3  | Killed Grunn
 61107 | Crypt:3  | Identified the amulet "Gijuuly" {RegenMP Str+4}
 61456 | Crypt:3  | Noticed an ancient lich
 61460 | Crypt:3  | Killed an ancient lich
 61511 | Crypt:3  | Noticed a dread lich
 61514 | Crypt:3  | Killed a dread lich
 61611 | Crypt:3  | Found a staircase to the Tomb.
 61665 | Crypt:3  | Got Coqeorgh's Compendium of Evil
 61666 | Crypt:3  | Identified the ring "Turos Mor" {rPois rN+}
 61666 | Crypt:3  | Identified the ring "Hemeajoa" {*Slow rElec rF+ rN+ Dex+4}
 62022 | Depths:1 | Entered Level 1 of the Depths
 62234 | Depths:1 | Found a gateway to Hell.
 62266 | Depths:1 | Found Sipolidgh's Antique Weapon Boutique.
 62268 | Depths:1 | Found an ornate altar of the Wu Jian Council.
 62387 | Depths:1 | Found a one-way gate leading to the halls of Pandemonium.
 62425 | Depths:1 | Found a radiant altar of Vehumet.
 62721 | Depths:1 | Found a one-way gateway to a ziggurat.
 63378 | Depths:2 | Found an opulent altar of Gozag.
 63539 | Depths:2 | Reached XP level 26. HP: 135/147 MP: 45/51
 64124 | Depths:2 | Identified the +9 rapier of Wival {pain, Will+}
 64288 | Depths:2 | Found a transporter.
 64291 | Depths:2 | Identified the +8 great mace "Okoeruke" {holy, *Rage Str+4
                  | Dex+4 SInv}
 64291 | Depths:2 | Identified the +8 great mace of Fazoasus {speed, Fragile
                  | Str+5 Stlth+}
 64293 | Depths:2 | Noticed Sichyur's ghost (veteran GrVM)
 64296 | Depths:2 | Found a transporter.
 64309 | Depths:2 | Killed Sichyur's ghost
 64326 | Depths:2 | Identified the +1 pair of gloves of Patterns {Int+5}
 64574 | Depths:2 | Found an ancient bone altar of Kikubaaqudgha.
 64723 | Depths:3 | Reached skill level 10 in Transmutations
 64746 | Depths:3 | Identified the ring of Wishful Thinking {rPois rN++ Int+6
                  | SInv}
 64795 | Depths:3 | Found Uciti's Magic Scroll Boutique.
 64805 | Depths:3 | Bought a scroll of acquirement for 1144 gold pieces
 64805 | Depths:3 | Bought a scroll of magic mapping for 77 gold pieces
 64805 | Depths:3 | Bought a scroll of teleportation for 66 gold pieces
 64805 | Depths:3 | Bought a scroll of teleportation for 66 gold pieces
 64805 | Depths:3 | Acquired 860 gold pieces
 64848 | Depths:3 | Found a one-way gate to the infinite horrors of the Abyss.
 64860 | Depths:3 | Identified the +1 robe of the Saviour {Str+5 Dex-5 Slay+4}
 65102 | Depths:3 | Identified the ring "Ufoicee" {rN+ EV+4 Dex+3 SInv Stlth-}
 65287 | Depths:4 | Entered Level 4 of the Depths
 65391 | Depths:4 | Found a gate to the Realm of Zot.
 65563 | Depths:4 | Noticed Vv
 65566 | Depths:4 | Killed Vv
 65783 | Depths:4 | Noticed Xtahua
 65791 | Depths:4 | Killed Xtahua
 65976 | Depths:4 | Found Big Baal Hell's Store.
 66132 | Zig:1    | Entered Level 1 of a ziggurat
 66147 | Zig:2    | Entered Level 2 of a ziggurat
 66162 | Zig:3    | Entered Level 3 of a ziggurat
 66184 | Zig:4    | Entered Level 4 of a ziggurat
 66188 | Zig:4    | Paralysed by an air elemental for 1 turns
 66200 | Zig:4    | Got Fuz Etek's Reference Book on Changing
 66205 | Zig:5    | Entered Level 5 of a ziggurat
 66210 | Zig:5    | Noticed Ciogh the pandemonium lord
 66212 | Zig:5    | Killed Ciogh the pandemonium lord
 66223 | Zig:5    | Got the Collected Works on Snow and Enchantment
 66234 | Zig:5    | Identified the +4 hand axe "Buvuqus" {pain, Drain Fragile
                  | rN+ Dex+4}
 66237 | Zig:5    | Got the Catalogue of Icy Changing
 66241 | Zig:6    | Entered Level 6 of a ziggurat
 66249 | Zig:6    | Found the +7 lajatang of Order {silver, rMut}
 66263 | Zig:6    | Identified the ring "Ferorph" {Will+ Dex+4}
 66266 | Zig:6    | Identified the amulet "Nepsiy" {Spirit rF++}
 66269 | Zig:6    | Identified the amulet of the Forgotten Youths {Reflect rF+
                  | Str-2 SH+5 Stlth+}
 66281 | Zig:7    | Entered Level 7 of a ziggurat
 66287 | Zig:7    | Found the -2 hat of the Alchemist {rElec rPois rF+ rC+ rN+
                  | Will+ rMut rCorr}
 66310 | Zig:7    | Got Muoffoir's Volume of Confrontation
 66317 | Zig:7    | Identified the +1 robe "Nocea" {rN+ rCorr Int-4 Slay+3}
 66323 | Zig:8    | Entered Level 8 of a ziggurat
 66332 | Zig:8    | Reached XP level 27. HP: 152/152 MP: 52/52
 66345 | Zig:8    | Got the Papyrus of Dusty Air
 66348 | Zig:8    | Identified the +2 longbow "Voosic" {flame, +Blink Str-2
                  | Dex+4}
 66362 | Zig:9    | Entered Level 9 of a ziggurat
 66385 | Zig:9    | Identified the +12 morningstar of the Desolation of Salt
                  | {chaos, MP-9 Dex+4}
 66401 | Zig:9    | Identified the +1 mace "PurpleRed's Death" {freeze, Contam
                  | rElec Str+5 Dex-3}
 66405 | Zig:10   | Entered Level 10 of a ziggurat
 66412 | Zig:10   | Noticed a dread lich
 66415 | Zig:10   | Killed a dread lich
 66419 | Zig:10   | Found the ring of the Mage {Wiz Archmagi}
 66419 | Zig:10   | Noticed an ancient lich
 66420 | Zig:10   | Killed an ancient lich
 66438 | Zig:10   | Identified the +11 hand axe of Midwinter {holy, Stlth+}
 66443 | Zig:10   | Identified the +11 bardiche "Ymu Oroq" {vamp, Int+4}
 66468 | Zig:11   | Entered Level 11 of a ziggurat
 66511 | Zig:11   | Reached skill level 10 in Necromancy
 66515 | Zig:12   | Entered Level 12 of a ziggurat
 66530 | Zig:12   | Found the +9 heavy crossbow "Sniper" {vorpal, Acc+∞ SInv}
 66578 | Zig:13   | Entered Level 13 of a ziggurat
 66608 | Zig:13   | Identified the +5 quarterstaff of Articulation {spect,
                  | rElec}
 66618 | Zig:13   | Identified the amulet of Midnight {Regen+ Int+5 Slay-4}
 66636 | Zig:14   | Entered Level 14 of a ziggurat
 66657 | Zig:14   | Reached skill level 5 in Dodging
 66679 | Zig:14   | Identified the +9 battleaxe of Callousness {pain, rF+}
 66693 | Zig:14   | Got the Grimoire of Unstable Fire
 66699 | Zig:15   | Entered Level 15 of a ziggurat
 66746 | Zig:15   | Identified the +4 plate armour "Lurat" {Rampage}
 66757 | Zig:15   | Identified the +7 short sword "Jellyslayer" {freeze, +Blink
                  | rElec MP+9 Stlth-}
 66762 | Zig:15   | Identified the +7 mace of Domination {spect, rF+}
 66765 | Zig:15   | Identified the ring "Cougih" {rN+ Slay+3}
 66767 | Zig:15   | Got the Papyrus of Shifting Necromancy
 66773 | Zig:16   | Entered Level 16 of a ziggurat
 66788 | Zig:16   | Noticed a juggernaut
 66788 | Zig:16   | Noticed a juggernaut
 66789 | Zig:16   | Noticed a juggernaut
 66789 | Zig:16   | Noticed a juggernaut
 66789 | Zig:16   | Noticed a juggernaut
 66790 | Zig:16   | Killed a juggernaut
 66791 | Zig:16   | Killed a juggernaut
 66791 | Zig:16   | Noticed a juggernaut
 66792 | Zig:16   | Reached skill level 27 in Spellcasting
 66792 | Zig:16   | Killed a juggernaut
 66792 | Zig:16   | Killed a juggernaut
 66792 | Zig:16   | Killed a juggernaut
 66793 | Zig:16   | Noticed a juggernaut
 66796 | Zig:16   | Killed a juggernaut
 66796 | Zig:16   | Killed a juggernaut
 66797 | Zig:16   | Found the +8 trishula "Condemnation" {holy, anguish, *Noise
                  | Fly rN+}
 66826 | Zig:16   | Identified the +5 dagger "Tynys" {protect, rPois MP+9}
 66827 | Zig:16   | Identified the +4 plate armour of the Monkey {rN+ Dex-4
                  | SInv}
 66828 | Zig:16   | Identified the +9 quarterstaff of the Everdark {drain,
                  | rElec Str+2}
 66836 | Zig:16   | Identified the +9 trident "Eqas" {venom, Dex+5}
 66840 | Zig:16   | Identified the +0 robe of Toawecli {*Corrode Str+4 Int+4
                  | Slay+4}
 66845 | Zig:17   | Entered Level 17 of a ziggurat
 66857 | Zig:17   | Noticed an orb of fire
 66864 | Zig:17   | Killed an orb of fire
 66865 | Zig:17   | Noticed an orb of fire
 66866 | Zig:17   | Noticed an orb of fire
 66867 | Zig:17   | Noticed an orb of fire
 66869 | Zig:17   | Killed an orb of fire
 66869 | Zig:17   | Killed an orb of fire
 66870 | Zig:17   | Reached skill level 15 in Fighting
 66870 | Zig:17   | Killed an orb of fire
 66888 | Zig:17   | Identified the +2 hand axe of the Boar {vorpal, *Corrode
                  | +Blink rC- Dex+10}
 66898 | Zig:17   | Identified the +3 scale mail of Makhleb's Envy {Contam +Inv
                  | rC+++ SInv}
 66925 | Zig:17   | Identified the amulet of Giaked {Spirit rPois Str-4 SInv
                  | Stlth+}
 66931 | Zig:17   | Identified the +2 flail "Hilerhih" {vorpal, rElec rPois rN+
                  | rCorr}
 66944 | Zig:18   | Entered Level 18 of a ziggurat
 66974 | Zig:18   | Found the ring of the Octopus King
 66984 | Zig:18   | Got the Reference Book on the Rocks and Flight
 66986 | Zig:18   | Got Xaugis's Papyrus of Earth
 66997 | Zig:18   | Identified a ring of the Octopus King {Fly HP+2 AC+2 EV+2
                  | SH+2}
 66999 | Zig:18   | Got Titots's Collected Works on Stolen Souls
 67002 | Zig:18   | Identified the +7 shortbow of Viece {flame, rF+ Str+3 Dex-3
                  | Stlth+}
 67003 | Zig:18   | Identified the +5 spear of the Genius {vorpal, rCorr Str+6}
 67015 | Zig:19   | Entered Level 19 of a ziggurat
 67073 | Zig:19   | Learned a level 9 spell: Chain Lightning
 67082 | Zig:19   | Got the Disquisition on Moulding and Venom
 67093 | Zig:19   | Got the Volume of the Ghastly Compass
 67095 | Zig:19   | Identified the +2 leather armour "Gariraom" {Will++ Stlth+}
 67108 | Zig:19   | Identified the +2 pair of boots of the Devil {-Tele rElec
                  | rF+++ Slay-2}
 67112 | Zig:19   | Identified the amulet of Jilaufil {Spirit rPois rC- Regen+
                  | Str+4}
 67131 | Zig:20   | Entered Level 20 of a ziggurat
 67162 | Zig:20   | Reached skill level 5 in Air Magic
 67176 | Zig:20   | Got Ateponk's Compendium of Warped Cold
 67177 | Zig:20   | Identified the ring "Ibexey" {Fire Fly rPois Will+}
 67186 | Zig:20   | Got Izxuf's Disquisition on Shape Shifting
 67210 | Zig:20   | Identified the +4 hand crossbow "Bimima Johe" {venom, rF+
                  | Str+2 Int+6}
 67220 | Zig:21   | Entered Level 21 of a ziggurat
 67237 | Zig:21   | Reached skill level 10 in Dodging
 67310 | Zig:21   | Identified the +4 plate armour of Foolhardiness {Contam rC+
                  | Dex+2}
 67322 | Zig:21   | Identified the +1 ring mail of Dogmatism {Str+5 Int+4}
 67340 | Zig:21   | Identified the +1 mace of the Known World {flame, Drain
                  | Int+9 Dex+4}
 67357 | Zig:22   | Entered Level 22 of a ziggurat
 67371 | Zig:22   | Noticed a juggernaut
 67375 | Zig:22   | Killed a juggernaut
 67375 | Zig:22   | Noticed a juggernaut
 67376 | Zig:22   | Noticed a juggernaut
 67376 | Zig:22   | Noticed a juggernaut
 67378 | Zig:22   | Killed a juggernaut
 67378 | Zig:22   | Killed a juggernaut
 67379 | Zig:22   | Noticed a juggernaut
 67381 | Zig:22   | Noticed a juggernaut
 67382 | Zig:22   | Killed a juggernaut
 67382 | Zig:22   | Killed a juggernaut
 67383 | Zig:22   | Reached skill level 10 in Air Magic
 67384 | Zig:22   | Killed a juggernaut
 67398 | Zig:22   | Found the +2 hat of the Bear Spirit {Spirit, *Rage Will++}
 67403 | Zig:22   | Identified the +8 spear of Extermination {flame, +Blink
                  | rN+++ Str-4 Int-5}
 67407 | Zig:22   | Got the Compendium of Damage Dealing
 67423 | Zig:22   | Got the Grimoire of Earth and the Arsonist
 67438 | Zig:22   | Identified the +2 leather armour of Xaych {Dex+3 Stlth+}
 67449 | Zig:22   | Identified the ring "Jonafo" {rElec Will+ rCorr}
 67459 | Zig:22   | Upgraded the game from 0.29-a0-654-g1c8a42d to
                  | 0.29-a0-662-g9108822
 67459 | Zig:22   | Upgraded the game from 0.29-a0-662-g9108822 to
                  | 0.29-a0-664-gff9cad4
 67469 | Zig:23   | Entered Level 23 of a ziggurat
 67489 | Zig:23   | Noticed a dread lich
 67492 | Zig:23   | Killed a dread lich
 67493 | Zig:23   | Killed a dread lich
 67502 | Zig:23   | Noticed a dread lich
 67503 | Zig:23   | Noticed a dread lich
 67504 | Zig:23   | Killed a dread lich
 67504 | Zig:23   | Noticed a dread lich
 67505 | Zig:23   | Killed a dread lich
 67505 | Zig:23   | Killed a dread lich
 67546 | Zig:23   | Identified the +2 rapier of Immorality {holy, rF++ Str-5
                  | Dex+2 Stlth+}
 67551 | Zig:23   | Got the Incunabulum of Aerial Earth
 67559 | Zig:23   | Identified the +1 plate armour of Fedhas's Indignation {rF+
                  | MP-9 Int+3}
 67560 | Zig:23   | Identified the amulet of the Mackerel {+Inv Will+ Regen+}
 67563 | Zig:23   | Identified the +9 morningstar of the Imbibing Fulmar
                  | {venom, rElec rF+}
 67571 | Zig:23   | Got the Handbook of the Wasp
 67577 | Zig:23   | Identified the ring of Rott {Fly rCorr Str+2}
 67579 | Zig:23   | Got the Disquisition on Stones
 67820 | Orc:2    | Bought a book of Ice for 690 gold pieces
 67831 | Orc:2    | Learned a level 9 spell: Polar Vortex
 68030 | Pan      | Entered Pandemonium
 68079 | Pan      | Noticed Keakeh the pandemonium lord
 68087 | Pan      | Killed Keakeh the pandemonium lord
 68102 | Pan      | Identified the amulet of Hisumox {Acrobat Fly MP+9 Str-5}
 68106 | Pan      | Got a demonic rune of Zot
 68187 | Pan      | Noticed Wiomumim the pandemonium lord
 68188 | Pan      | Killed Wiomumim the pandemonium lord
 68302 | Pan      | Reached skill level 1 in Polearms
 68327 | Pan      | Entered the realm of Gloorx Vloq.
 68335 | Pan      | Found an exit through the horrors of the Abyss.
 68360 | Pan      | Noticed Gloorx Vloq
 68363 | Pan      | Killed Gloorx Vloq
 68404 | Pan      | Got a dark rune of Zot
 68493 | Pan      | Reached skill level 5 in Polearms
 68849 | Pan      | Entered the realm of Mnoleg.
 68886 | Pan      | Noticed Mnoleg
 68891 | Pan      | Killed Mnoleg
 68892 | Pan      | Reached skill level 15 in Air Magic
 68915 | Pan      | Got a glowing rune of Zot
 69161 | Pan      | Noticed Weti the pandemonium lord
 69163 | Pan      | Killed Weti the pandemonium lord
 69214 | Pan      | Found an exit through the horrors of the Abyss.
 69247 | Pan      | Entered the realm of Lom Lobon.
 69251 | Pan      | Identified the +5 chain mail of Zin's Delight {Rampage rC+
                  | Str+2 Int+4}
 69255 | Pan      | Reached skill level 10 in Ice Magic
 69261 | Pan      | Noticed Lom Lobon
 69268 | Pan      | Killed Lom Lobon
 69273 | Pan      | Got a magical rune of Zot
 69393 | Pan      | Entered the realm of Cerebov.
 69397 | Pan      | Reached skill level 10 in Polearms
 69606 | Pan      | Identified the +5 mace of Ufualua {spect, rC+ Str+2}
 69667 | Pan      | Identified the +1 crystal plate armour "Exuschem" {Contam
                  | rCorr Int+9 Dex-4}
 69714 | Pan      | Got the Papyrus of Transformation
 69736 | Pan      | Found the +6 sword of Cerebov {flame}
 69736 | Pan      | Noticed Cerebov
 69752 | Pan      | Killed Cerebov
 69800 | Pan      | Got the Volume of Heat
 69803 | Pan      | Identified the +8 longbow of Devotion {flame, MP+9 Int+4
                  | Dex+3}
 69818 | Pan      | Got a fiery rune of Zot
 69841 | Pan      | Got Jysuegat's Grimoire of Glacial Weightlessness
 69861 | Pan      | Got the Incunabulum of Supportive Shape Shifting
 70175 | Pan      | Found an exit through the horrors of the Abyss.
 70184 | Pan      | Took an exit into the Abyss.
 70184 | Abyss:1  | Escaped into the Abyss
 70201 | Depths:1 | Escaped the Abyss
 70977 | Depths:3 | Voluntarily entered the Abyss.
 71206 | Abyss:2  | Found a sacrificial altar of Ru.
 71339 | Abyss:2  | Found a corrupted altar of Lugonu.
 71471 | Abyss:2  | Found a corrupted altar of Lugonu.
 71537 | Abyss:2  | Found a radiant altar of Vehumet.
 71580 | Abyss:2  | Found a corrupted altar of Lugonu.
 71585 | Abyss:2  | Found a broken altar of Ashenzari.
 71603 | Abyss:2  | Found a broken altar of Ashenzari.
 71603 | Abyss:2  | Found a broken altar of Ashenzari.
 71778 | Abyss:3  | Found a corrupted altar of Lugonu.
 71916 | Abyss:4  | Killed a dread lich
 71935 | Abyss:4  | Got an abyssal rune of Zot
 71955 | Depths:3 | Escaped the Abyss
 71972 | Hell     | Entered the Vestibule of Hell
 71973 | Hell     | Noticed Geryon
 71976 | Hell     | Killed Geryon
 71977 | Hell     | Reached skill level 1 in Shields
 72013 | Hell     | Reached skill level 15 in Ice Magic
 72029 | Hell     | Reached skill level 5 in Shields
 72080 | Hell     | Found a gateway to the ashen valley of Gehenna.
 72101 | Hell     | Found a gateway to the freezing wastes of Cocytus.
 72115 | Coc:1    | Entered Level 1 of Cocytus
 72137 | Coc:1    | You are sucked into a shaft and drop 1 floor!
 72182 | Coc:2    | Paralysed by a wendigo for 1 turns
 72234 | Coc:4    | Noticed a juggernaut
 72237 | Coc:4    | Killed a juggernaut
 72254 | Coc:4    | Noticed a juggernaut
 72255 | Coc:4    | Noticed a juggernaut
 72257 | Coc:4    | Killed a juggernaut
 72259 | Coc:4    | Killed a juggernaut
 72280 | Coc:4    | Noticed a juggernaut
 72287 | Coc:4    | Killed a juggernaut
 72339 | Coc:5    | Reached skill level 10 in Shields
 72441 | Coc:6    | Noticed a dread lich
 72444 | Coc:6    | Killed a dread lich
 72483 | Coc:7    | Entered Level 7 of Cocytus
 72547 | Coc:7    | Noticed a dread lich
 72580 | Coc:7    | Paralysed by a wendigo for 1 turns
 72729 | Coc:7    | Killed a dread lich
 72783 | Coc:7    | Got the Almanac of Moulding
 72950 | Coc:7    | Noticed Antaeus
 72958 | Coc:7    | Killed Antaeus
 72997 | Coc:7    | Got an icy rune of Zot
 73011 | Coc:7    | Identified the +1 robe of the Kraken {rCorr Dex+4 Slay+2}
 73018 | Coc:7    | Identified the +1 ring mail "Wuim" {Rampage Str-5 Dex+2}
 73098 | Hell     | Found a gateway to the Iron City of Dis.
 73123 | Geh:1    | Entered Level 1 of Gehenna
 73123 | Geh:1    | You are sucked into a shaft and drop 1 floor!
 73446 | Geh:7    | Entered Level 7 of Gehenna
 73590 | Geh:7    | Got the Grimoire of Snow and the Voyage
 73676 | Geh:7    | Found the +7 sceptre of Asmodeus
 73676 | Geh:7    | Noticed Asmodeus
 73686 | Geh:7    | Killed Asmodeus
 73774 | Geh:7    | Got an obsidian rune of Zot
 73782 | Geh:7    | Identified the +2 hand axe of the Writhing Gods {pain,
                  | rElec rN+ MP-9 Str+3}
 73783 | Geh:7    | Identified the +5 scale mail "Ynoxtom" {rF+ rC+ Str+2}
 73785 | Geh:7    | Identified the +4 troll leather armour of Sorcery {Harm Fly
                  | rElec Regen+}
 73844 | Hell     | Found a gateway to the decaying netherworld of Tartarus.
 73878 | Tar:1    | Entered Level 1 of Tartarus
 74033 | Tar:3    | Learned a level 2 spell: Blink
 74050 | Tar:3    | Reached skill level 15 in Shields
 74745 | Tar:7    | Entered Level 7 of Tartarus
 74792 | Hell     | Reached skill level 27 in Fighting
 75017 | Tar:7    | Noticed an ancient lich
 75018 | Tar:7    | Noticed a dread lich
 75019 | Tar:7    | Killed an ancient lich
 75020 | Tar:7    | Killed a dread lich
 75027 | Tar:7    | Noticed a dread lich
 75028 | Tar:7    | Got the Collected Works on Creative Toxins
 75030 | Tar:7    | Got the Collected Works on Warped Flight
 75033 | Tar:7    | Killed a dread lich
 75035 | Tar:7    | Identified the ring "Zefiym Cius" {rPois Will+ Str-2 Dex+5}
 75063 | Tar:7    | Found the +2 shield of Resistance {rF++ rC++ Will++}
 75067 | Tar:7    | Identified the amulet "Lyatress" {Faith rC++}
 75234 | Tar:7    | Got a bone rune of Zot
 75796 | Tomb:1   | Entered Level 1 of the Tomb of the Ancients
 75824 | Tomb:1   | Noticed a royal mummy
 75827 | Tomb:1   | Noticed a royal mummy
 75830 | Tomb:1   | Killed a royal mummy
 75830 | Tomb:1   | Killed a royal mummy
 75846 | Tomb:1   | Noticed a royal mummy
 75850 | Tomb:1   | Killed a royal mummy
 75854 | Tomb:1   | Noticed a royal mummy
 75855 | Tomb:1   | Noticed a royal mummy
 75856 | Tomb:1   | Noticed a royal mummy
 75857 | Tomb:1   | Killed a royal mummy
 75857 | Tomb:1   | Killed a royal mummy
 75858 | Tomb:1   | Killed a royal mummy
 75860 | Tomb:1   | Noticed a royal mummy
 75862 | Tomb:1   | Noticed a royal mummy
 75862 | Tomb:1   | Killed a royal mummy
 75864 | Tomb:1   | Noticed a royal mummy
 75869 | Tomb:1   | Noticed a royal mummy
 75869 | Tomb:1   | Killed a royal mummy
 75869 | Tomb:1   | Killed a royal mummy
 75870 | Tomb:1   | Killed a royal mummy
 75880 | Tomb:1   | Noticed a royal mummy
 75883 | Tomb:1   | Killed a royal mummy
 75890 | Tomb:1   | Noticed a royal mummy
 75893 | Tomb:1   | Killed a royal mummy
 75894 | Tomb:1   | Noticed a royal mummy
 75896 | Tomb:1   | Killed a royal mummy
 75923 | Tomb:1   | Noticed a royal mummy
 75924 | Tomb:1   | Noticed a royal mummy
 75925 | Tomb:1   | Killed a royal mummy
 75925 | Tomb:1   | Noticed a royal mummy
 75925 | Tomb:1   | Killed a royal mummy
 75929 | Tomb:1   | Killed a royal mummy
 75932 | Tomb:1   | Noticed a royal mummy
 75935 | Tomb:1   | Killed a royal mummy
 75936 | Tomb:1   | Noticed a royal mummy
 75939 | Tomb:1   | Killed a royal mummy
 75980 | Tomb:2   | Noticed a royal mummy
 75980 | Tomb:2   | Noticed a royal mummy
 75980 | Tomb:2   | Noticed a royal mummy
 75980 | Tomb:2   | Noticed a royal mummy
 75980 | Tomb:2   | Noticed a royal mummy
 75982 | Tomb:2   | Killed a royal mummy
 75983 | Tomb:2   | Killed a royal mummy
 75983 | Tomb:2   | Killed a royal mummy
 75983 | Tomb:2   | Killed a royal mummy
 75983 | Tomb:2   | Killed a royal mummy
 76140 | Tomb:3   | Entered Level 3 of the Tomb of the Ancients
 76158 | Tomb:3   | Noticed a royal mummy
 76161 | Tomb:3   | Killed a royal mummy
 76161 | Tomb:3   | Noticed a royal mummy
 76166 | Tomb:3   | Killed a royal mummy
 76171 | Tomb:3   | Noticed a royal mummy
 76171 | Tomb:3   | Noticed a royal mummy
 76172 | Tomb:3   | Noticed a royal mummy
 76173 | Tomb:3   | Killed a royal mummy
 76173 | Tomb:3   | Noticed a royal mummy
 76174 | Tomb:3   | Killed a royal mummy
 76174 | Tomb:3   | Killed a royal mummy
 76174 | Tomb:3   | Noticed a royal mummy
 76175 | Tomb:3   | Killed a royal mummy
 76176 | Tomb:3   | Noticed a royal mummy
 76177 | Tomb:3   | Killed a royal mummy
 76180 | Tomb:3   | Killed a royal mummy
 76180 | Tomb:3   | Noticed a royal mummy
 76187 | Tomb:3   | Killed a royal mummy
 76218 | Tomb:3   | Got a golden rune of Zot
 76277 | Tomb:3   | Identified the +8 battleaxe of Zin, Howling {vorpal, rElec
                  | Str+2}
 76278 | Tomb:3   | Identified the +3 kite shield of Boha {Will+ Str+3 Int+2}
 76293 | Tomb:3   | Identified the +4 great mace "Arcanum" {vorpal, rF+++ Will-
                  | rCorr Stlth+}
 76308 | Tomb:3   | Identified the +7 shortbow of Awkwardness {venom, rElec rF+
                  | Int-3 Stlth+}
 76311 | Tomb:3   | Identified the +1 hand axe of Destiny {vorpal, rElec Int+7}
 76405 | Tomb:3   | Identified the +0 scale mail "Edaaban" {+Inv Str+2}
 76976 | Hell     | Learned a level 9 spell: Death's Door
 76978 | Dis:1    | Entered Level 1 of the Iron City of Dis
 77060 | Dis:2    | Found a huge runed gate.
 77060 | Dis:2    | Found a huge runed gate.
 77060 | Dis:2    | Found a huge runed gate.
 77060 | Dis:2    | Found a huge runed gate.
 77060 | Dis:2    | Found a huge runed gate.
 77060 | Dis:2    | Found a huge runed gate.
 77060 | Dis:2    | Found a huge runed gate.
 77060 | Dis:2    | Found a huge runed gate.
 77060 | Dis:2    | Found a huge runed gate.
 77060 | Dis:2    | Found a huge runed gate.
 77083 | Dis:3    | Noticed an ancient lich
 77084 | Dis:3    | Killed an ancient lich
 77084 | Dis:3    | Noticed a royal mummy
 77086 | Dis:3    | Noticed a royal mummy
 77089 | Dis:3    | Killed a royal mummy
 77089 | Dis:3    | Noticed a royal mummy
 77090 | Dis:3    | Killed a royal mummy
 77090 | Dis:3    | Noticed a royal mummy
 77092 | Dis:3    | Killed a royal mummy
 77092 | Dis:3    | Killed a royal mummy
 77094 | Dis:3    | Noticed a dread lich
 77094 | Dis:3    | Noticed a royal mummy
 77097 | Dis:3    | Killed a dread lich
 77097 | Dis:3    | Killed a royal mummy
 77150 | Dis:4    | Reached skill level 15 in Necromancy
 77183 | Dis:5    | Reached skill level 15 in Dodging
 77292 | Dis:7    | Entered Level 7 of the Iron City of Dis
 77470 | Dis:7    | Noticed the Serpent of Hell
 77475 | Dis:7    | Killed the Serpent of Hell
 77483 | Dis:7    | Noticed a juggernaut
 77486 | Dis:7    | Killed a juggernaut
 77734 | Dis:7    | Noticed a juggernaut
 77737 | Dis:7    | Killed a juggernaut
 77770 | Dis:7    | Found the +4 staff of Dispater
 77770 | Dis:7    | Noticed Dispater
 77790 | Dis:7    | Killed Dispater
 77808 | Dis:7    | Got an iron rune of Zot
 78037 | Zot:1    | Entered Level 1 of the Realm of Zot
 78047 | Zot:1    | Learned a level 7 spell: Ozocubu's Refrigeration
 78364 | Zot:5    | Entered Level 5 of the Realm of Zot
 78366 | Zot:5    | Noticed an orb of fire
 78370 | Zot:5    | Gained mutation: You tend to lose your temper in combat.
                  | [an orb of fire]
 78371 | Zot:5    | Killed an orb of fire
 78484 | Zot:5    | Noticed an orb of fire
 78493 | Zot:5    | Killed an orb of fire
 78499 | Zot:5    | Noticed an ancient lich
 78502 | Zot:5    | Killed an ancient lich
 78514 | Zot:5    | Noticed an orb of fire
 78520 | Zot:5    | Killed an orb of fire
 78532 | Zot:5    | Noticed an orb of fire
 78582 | Zot:5    | Lost mutation: You tend to lose your temper in combat.
                  | [potion of mutation]
 78601 | Zot:5    | Killed an orb of fire
 78601 | Zot:5    | Noticed an orb of fire
 78607 | Zot:5    | Killed an orb of fire
 78654 | Zot:5    | Noticed a dread lich
 78657 | Zot:5    | Killed a dread lich
 78680 | Zot:5    | Noticed an orb of fire
 78681 | Zot:5    | Noticed an orb of fire
 78685 | Zot:5    | Killed an orb of fire
 78685 | Zot:5    | Killed an orb of fire
 78710 | Zot:5    | Noticed a dread lich
 78714 | Zot:5    | Killed a dread lich
 78780 | Zot:5    | Noticed an orb of fire
 78782 | Zot:5    | Noticed an orb of fire
 78782 | Zot:5    | Noticed an orb of fire
 78785 | Zot:5    | Killed an orb of fire
 78785 | Zot:5    | Killed an orb of fire
 78786 | Zot:5    | Killed an orb of fire
 78796 | Zot:5    | Noticed an orb of fire
 78800 | Zot:5    | Killed an orb of fire
 78805 | Zot:5    | Noticed an orb of fire
 78809 | Zot:5    | Killed an orb of fire
 78869 | Zot:5    | Noticed an orb of fire
 78873 | Zot:5    | Killed an orb of fire
 78895 | Zot:5    | Noticed an orb of fire
 78900 | Zot:5    | Gained mutation: You occasionally shout uncontrollably at
                  | your foes. [an orb of fire]
 78902 | Zot:5    | Killed an orb of fire
 78936 | Zot:5    | Got the Orb of Zot
 79084 | Depths:4 | Noticed Punlaimm the pandemonium lord
 79504 | D:$      | Escaped with the Orb!

Illustrated notes

Levels and vault maps discovered:
D:1:      dpeg_chamrin_arrival_tetris, layout_basic,
          ebering_ecumenical_altar_abandoned
D:2:      minmay_spotlight, layout_loops_corners, minmay_crystal_room,
          uniq_crazy_yiuf_cottage
D:3:      layout_basic, demons_altar, nemelex_xobeh_ov_fountains_minmay
D:4:      layout_basic, serial_curves, eino_curves_04, eino_curves_03,
          minmay_fractal_squares_5
D:5:      layout_basic, st_stairs_11, uniq_duvessa
D:6:      layout_cave_pools, nicolae_uskayaw_dance_studio,
          minmay_temple_entry_overgrown, serial_bayou_lake_a
D:7:      layout_cave_pools, grunt_temple_overflow_holy_war, enter_bailey_3,
          nicolae_shop_fire_sale [nicolae_sub_dead_trees], minmay_misc_feat_iff,
          grunt_decor_mini_mirrors, st_stairs_9, minmay_fountain_box,
          minmay_manual_maat
D:8:      layout_basic
D:9:      layout_cave_pools, overflow_temple_1_default, orc_david_3,
          minivault_14
D:10:     layout_roguey [special_room_orc], grunt_lair_entry_orc_guard_hut,
          kennysheep_kite_vault
D:11:     layout_gridville, gammafunk_ghost_grave
D:12:     layout_roguey, uniq_maurice
D:13:     layout_roguey, david_vaults_4
D:14:     layout_long_grid, grunt_decor_one_mirror
D:15:     grunt_enter_depths_magical_seal, layout_loops_cross, fedhas_altar_4,
          nrook_mini_vaults, uniq_kirke, uniq_rupert
Temple:   lightli_temple_of_artemis
Lair:1:   layout_hall_layers, special_room [special_room_bee], wad_woods_road_03
Lair:2:   layout_layer_cave, portal_ice_cave_entry_pillars_2
Lair:3:   nzn_winding_woodlands_stair_trap
          [nzn_winding_woodlands_5x15_longhouse,
          nzn_winding_woodlands_5x15_default,
          nzn_winding_woodlands_5x15_pathside_ponds,
          nzn_winding_woodlands_15x15_boxy_spiral,
          nzn_winding_woodlands_5x15_crooked,
          nzn_winding_woodlands_5x15_split_checker,
          nzn_winding_woodlands_5x15_cabin], layout_chaotic_city, swamp_mist,
          minmay_snake_entry_guardpost_medium, uniq_nergalle, uniq_sonja
Lair:4:   gammafunk_lair_enchanted_lake, layout_regular_city, grunt_megastairs_4
Lair:5:   layout_roguey, slime_altar_1, grunt_forest_small_clearings,
          chequers_serial_rivers_large_b, uniq_urug, uniq_nessos
Lair:6:   due_jungle_book, layout_small_grid, lemuel_fruit_fields,
          uniq_josephine
Swamp:1:  layout_basic_swamp, infiniplex_staircase_pool_2
Swamp:2:  layout_basic_swamp, hangedman_swamp_lotus
Swamp:3:  layout_falls_marsh, gammafunk_ghost_cemetery,
          nicolae_swamp_ascending_descending, swamp_pool2,
          nicolae_swamp_very_dense_foliage, uniq_nikola
Swamp:4:  nzn_swamp_witches_coven, layout_basic_swamp, swamp_pool3,
          hangedman_swamp_ruin_hall, infiniplex_staircase_pool
Snake:1:  layout_honeycomb, drop_trap, lemuel_oklob_altar, grunt_megastairs_2,
          uniq_aizul, uniq_mlioglotl
Snake:2:  layout_chambers, serial_shops, nicolae_shop_crystal,
          gammafunk_ghost_split, basic_altar, uniq_donald
Snake:3:  layout_misc_corridors, gammafunk_ghost_arena,
          beargit_elvish_explorers, grunt_megastairs_5
Snake:4:  snake_pit_salamanders_mu, layout_grid_shapes,
          nicolae_snake_storage_room
Slime:1:  layout_caves
Slime:2:  layout_caves
Slime:3:  layout_caves
Slime:4:  layout_caves
Slime:5
Orc:1:    layout_caves, basic_altar, uniq_erica
Orc:2:    st_orc_ogre_mass, layout_caves
Elf:1:    minmay_elf_arrival_plus, layout_geoelf_diagonals,
          hangedman_elf_represent, hex_intersection
Elf:2:    elven_hall_of_blades_hangedman_original [nicolae_blade_lattice],
          layout_loops_cross, nicolae_wooded_promenade,
          dreamdust_princess_corridor
Elf:3:    minmay_elf_hall_spiked, layout_loops_cross, minmay_shop_star
Vaults:1: nicolae_vaults_network_quinsquares
          [nicolae_vaults_network_quincunx_subvault,
          nicolae_vaults_network_quincunx_subvault,
          nicolae_vaults_network_quincunx_subvault,
          nicolae_vaults_network_quincunx_subvault], v_misc_13,
          ontoclasm_vaults_misaligned, v_pattern_5,
          nicolae_vaults_little_squares_5, vaults_mumra_chevron, v_misc_23,
          vaults_room_octagon, vaults_mumra_hexcomb,
          nicolae_vaults_network_periphery, v_alt_pattern_3,
          layout_vaults_omnibox
Vaults:2: vaults_room_door_hall, nicolae_vaults_network_star, vaults_room_grid,
          v_misc_9, v_misc_8, v_misc_16, layout_vaults_omnigrid
Vaults:3: nicolae_vaults_border_crossing, nicolae_vaults_yaktaur_gun_rack,
          vaults_dpeg_spiral, v_rooms_4, hangedman_vaults_locks,
          minmay_crypt_entry_vampire_xt, vaults_room_fancy_cross,
          vaults_dpeg_hooks, vaults_dpeg_doors, hangedman_vaults_pinch,
          nicolae_vaults_specimen_jars, vaults_dpeg_diagonal, v_rooms_4,
          layout_vaults_maze_bifur, serial_shops, shop, uniq_zenata,
          uniq_saint_roka
Vaults:4: portal_desolation_entry_salt, nicolae_vaults_sealed_display,
          v_pattern_2, vaults_standard_mumra_lines,
          nicolae_vaults_little_squares_2, v_misc_19, ontoclasm_vaults_gallery,
          v_misc_3, v_rooms_4, vaults_room_door_hall, layout_vaults_big_cross,
          uniq_bai_suzhen
Vaults:5
Crypt:1:  layout_chaotic_city, hangedman_blasphemy, uniq_jory
Crypt:2:  layout_rooms, glass_columns_a, lemuel_freeze_loot_1
Crypt:3:  quadcrypt_mu, uniq_grunn
Tomb:1
Tomb:2
Tomb:3
Depths:1: layout_gridlike, enter_ziggurat_d, hangedman_coc_ice_floe,
          serial_shops, shop, serial_corexii_hall, corexii_hall_statues_i,
          corexii_hall_statues_i, chequers_hall_statues_y,
          nicolae_vehumet_radiance, pan_entry,
          nicolae_concentric_dashed_squares_mild, hangedman_decor_push,
          nicolae_wu_jian_immortal_techniques, infiniplex_staircase_pool_lava
Depths:2: minmay_the_grid_octo_tiled_squarecenter
          [minmay_the_grid_octo_checkerflower, minmay_the_grid_octo_horde,
          minmay_the_grid_octo_77, minmay_the_grid_octo_vomiting_pacman,
          minmay_the_grid_square_5x5_megaprize_checkered,
          minmay_the_grid_square_5x5_moneybag, minmay_the_grid_square_5x5_six,
          minmay_the_grid_square_5x5_longway,
          minmay_the_grid_square_5x5_beaten_path], layout_cave_pools,
          rand_demon_pan_entry_9, nicolae_gozag_seed_capital,
          gammafunk_ghost_smash, hell_entry, kiku_gazebo_pond_becter
Depths:3: kennysheep_bubble_arena, layout_cave_pools, serial_shops, shop,
          hell_entry, abyss_entry, grunt_decor_resistance,
          minmay_misc_feat_roman, eino_tiny_chamber, kennysheep_generic_room_9
Depths:4: grunt_zot_entry_funnels, layout_gridlike, hellmonk_bongcloud_opening,
          nicolae_hell_entry_big_baal_hell, uniq_vv, uniq_xtahua
Hell
Dis:1:    layout_subdivisions
Dis:2:    layout_gridville, door_vault
Dis:3:    layout_gridville, lemuel_mystery_crypt
Dis:4:    layout_regular_city
Dis:5:    nicolae_dis_hell_of_blades
Dis:6:    layout_subdivisions, nicolae_dis_emergency_hatch
Dis:7:    dis_hangedman
Geh:1:    nicolae_geh_erupted_tower, layout_gehenna_pools_box, nicolae_geh_lavax
Geh:2:    layout_gehenna_pools_triple
Geh:3:    layout_gehenna_lava_caves
Geh:4:    layout_gehenna_lava_caves
Geh:5:    layout_gehenna_pools_triple
Geh:6:    layout_gehenna_lava_caves
Geh:7:    geh_mu
Coc:1:    nicolae_coc_icebeans_plural [nicolae_sub_coc_subbean,
          nicolae_sub_coc_subbean, nicolae_sub_coc_subbean,
          nicolae_sub_coc_subbean], layout_cocytus_delve
Coc:2:    layout_cocytus_delve
Coc:3:    nicolae_hells_giants_party, layout_cocytus_delve
Coc:4:    nicolae_hells_titanomachy
Coc:5:    layout_cocytus_water_paths
Coc:6:    layout_cocytus_delve, nicolae_coc_icebean_singular
          [nicolae_sub_coc_subbean]
Coc:7:    coc_grunt
Tar:1:    layout_honeycomb, nicolae_tar_combstack
Tar:2:    layout_honeycomb, nicolae_tar_cuneiform_heaven
Tar:3:    layout_grid_maze, nicolae_tar_spectre_spectrum
Tar:4:    layout_catacombs, nicolae_tar_cuneiform_heaven
Tar:5:    layout_grid_maze
Tar:6:    minmay_shadows, layout_cathedral_of_symmetry
Tar:7:    tar_old
Zot:1:    layout_cathedral_of_symmetry, bh_zot_levy_curve,
          st_single_dragon_hoard_1, st_grand_hoard_of_tiamat
Zot:2:    layout_basic, evilmike_ambush [evilmike_ambush_outer_basic,
          evilmike_ambush_inner_basic]
Zot:3:    layout_concentric_octagons, st_stairs_13
Zot:4:    layout_cellular_growth
Zot:5:    layout_misc_corridors, st_stairs_1

Skill      XL: |  1  2  3  4  5  6  7  8  9 10 11 12 13 14 15 16 17 18 19 20 21 22 23 24 25 26 27 |
---------------+----------------------------------------------------------------------------------+-----
Spellcasting   | 3 4 5 7 9 10 11 13 14 15 16 17 18 19 20 21 22 23 24 25 27 | 27.0
Conjurations   | 1 3 9 11 12 14 15 16 18 19 20 21 22 24 | 24.0
Ice Magic      | 5 7 21 | 21.2
Hexes          | 4 |  4.7
Fighting       | 5 6 8 10 27 | 27.0
Dodging        | 2 3 16 | 16.3
Earth Magic    | 4 8 9 11 15 19 21 | 21.0
Fire Magic     | 4 8 13 15 16 18 20 21 22 | 22.3
Necromancy     | 2 4 6 8 9 24 | 24.0
Transmutations | 4 8 11 14 | 14.0
Air Magic      | 15 | 15.0
Polearms       | 14 | 14.0
Shields        | 19 | 19.0
Stealth        | |  2.1

Action                   |  1- 3 |  4- 6 |  7- 9 | 10-12 | 13-15 | 16-18 | 19-21 | 22-24 | 25-27 || total
-------------------------+-------+-------+-------+-------+-------+-------+-------+-------+-------++-------
Melee: Dagger            |     2 |    30 |     1 |       |       |       |       |       |       ||    33
       Flail             |       |     3 |       |       |       |       |       |       |       ||     3
       Punch             |       |     1 |       |       |       |       |       |       |       ||     1
       Whip              |       |       |     2 |       |       |       |       |       |       ||     2
       Hunting sling     |       |       |       |       |     1 |       |       |       |       ||     1
       Staff             |       |       |       |       |       |       |     1 |     1 |     6 ||     8
       Demon trident     |       |       |       |       |       |       |       |       |    49 ||    49
 Fire: Hand crossbow     |       |       |     1 |       |       |       |       |       |       ||     1
       Hunting sling     |       |       |       |    22 |     9 |       |       |       |       ||    31
Throw: Dart              |     8 |     5 |       |       |       |       |       |       |       ||    13
       Throwing net      |       |       |     1 |       |       |       |       |       |       ||     1
 Cast: Freeze            |    44 |    45 |    26 |    34 |    69 |     4 |       |       |       ||   222
       Frozen Ramparts   |     5 |    17 |    10 |    27 |    20 |     1 |       |       |       ||    80
       Ozocubu's Armour  |       |     3 |     4 |    13 |    13 |       |       |       |       ||    33
       Fulminant Prism   |       |       |    46 |    99 |    66 |     1 |     1 |     1 |     1 ||   215
       Searing Ray       |       |       |    18 |    34 |    42 |       |       |       |       ||    94
       Iskenderun's Myst |       |       |       |    29 |    72 |    49 |    34 |    82 |    61 ||   327
       Iron Shot         |       |       |       |    28 |    68 |    25 |    44 |    44 |   393 ||   602
       Fireball          |       |       |       |       |    60 |   211 |    62 |    68 |    80 ||   481
       Starburst         |       |       |       |       |    49 |    54 |     1 |       |       ||   104
       Freezing Cloud    |       |       |       |       |     1 |     4 |       |       |     2 ||     7
       Fire Storm        |       |       |       |       |       |    41 |   217 |   161 |   443 ||   862
       Swiftness         |       |       |       |       |       |     1 |     2 |       |     1 ||     4
       Shatter           |       |       |       |       |       |       |       |    32 |   489 ||   521
       Chain Lightning   |       |       |       |       |       |       |       |       |   120 ||   120
       Polar Vortex      |       |       |       |       |       |       |       |       |    17 ||    17
       Necromutation     |       |       |       |       |       |       |       |       |    10 ||    10
       Apportation       |       |       |       |       |       |       |       |       |     6 ||     6
       Ozocubu's Refrige |       |       |       |       |       |       |       |       |     4 ||     4
 Abil: End Transformatio |       |       |       |       |       |       |       |       |     2 ||     2
Evoke: Wand              |       |     2 |     1 |     8 |     5 |       |       |     2 |       ||    18
  Use: Scroll            |     2 |    12 |     4 |     4 |    20 |    13 |     4 |     3 |    24 ||    86
       Potion            |       |       |     1 |       |     8 |     7 |     1 |     4 |    30 ||    51
 Stab: Sleeping          |       |     4 |       |       |       |       |       |       |       ||     4
Armor: Robe              |    17 |    16 |    16 |    80 |    23 |    44 |    18 |    49 |   202 ||   465
       Scale mail        |       |    13 |       |       |       |       |       |       |       ||    13
       Steam dragon scal |       |       |       |       |    84 |       |       |       |       ||    84
Dodge: Dodged            |    16 |    41 |    31 |   118 |   120 |    52 |    11 |    43 |   192 ||   624
Block: Kite shield       |       |       |       |       |       |       |       |       |    44 ||    44
       Buckler           |       |       |       |       |       |       |       |       |    40 ||    40
       Reflection        |       |       |       |       |       |       |       |       |     3 ||     3

Table legend: (Time is in decaauts)
 A = Elapsed time spent in this place.
 B = Non-inter-level travel time spent in this place.
 C = Inter-level travel time spent in this place.
 D = Time resting spent in this place.
 E = Time spent auto-exploring this place.
 F = Levels seen in this place.
 G = Mean time per level.
                   A        B        C        D        E       F      G
               +--------+--------+--------+--------+--------+-----+--------+
         Total |  79707 |  72056 |   7651 |  14946 |  28324 | 131 |  608.5 |
       Dungeon |  19800 |  16819 |   2981 |   3000 |   8971 |  15 | 1320.0 |
        Temple |    109 |     93 |     16 |      0 |     84 |   1 |  109.0 |
          Lair |  10780 |   9603 |   1177 |   2463 |   4245 |   6 | 1796.7 |
         Swamp |   3449 |   3314 |    135 |   1084 |   1168 |   4 |  862.2 |
     Snake Pit |   6224 |   5950 |    274 |   1915 |   2618 |   4 | 1556.0 |
    Slime Pits |   1343 |   1296 |     47 |    524 |     49 |   5 |  268.6 |
  Orcish Mines |   2987 |   2589 |    398 |   1084 |    735 |   2 | 1493.5 |
   Elven Halls |   5254 |   4974 |    280 |   1428 |   1709 |   3 | 1751.3 |
        Vaults |   8395 |   7562 |    833 |   1222 |   4018 |   5 | 1679.0 |
         Crypt |   4903 |   4362 |    541 |    765 |   2158 |   3 | 1634.3 |
          Tomb |    874 |    872 |      2 |     12 |      0 |   3 |  291.3 |
        Depths |   4735 |   3942 |    793 |    559 |   2198 |   4 | 1183.8 |
          Hell |    435 |    421 |     14 |     83 |      0 |   1 |  435.0 |
           Dis |    941 |    941 |      0 |    135 |      0 |   7 |  134.4 |
       Gehenna |    677 |    677 |      0 |     20 |      0 |   7 |   96.7 |
       Cocytus |    930 |    930 |      0 |     64 |      0 |   7 |  132.9 |
      Tartarus |   1289 |   1186 |    103 |     49 |     46 |   7 |  184.1 |
           Zot |   1029 |    978 |     51 |    187 |      0 |   5 |  205.8 |
         Abyss |    979 |    979 |      0 |      0 |      0 |   5 |  195.8 |
   Pandemonium |   2132 |   2132 |      0 |    110 |     33 |  12 |  177.7 |
      Ziggurat |   1453 |   1453 |      0 |     10 |      0 |  23 |   63.2 |
        Bailey |    197 |    197 |      0 |    148 |      0 |   1 |  197.0 |
    Desolation |    781 |    781 |      0 |     82 |    292 |   1 |  781.0 |
               +--------+--------+--------+--------+--------+-----+--------+

Top non-repeatable levels by time:
  Lair:3: 3025 daAuts
 Crypt:3: 2321 daAuts
   Elf:3: 2181 daAuts
    D:10: 2137 daAuts
Vaults:3: 1982 daAuts
Depths:1: 1915 daAuts
Vaults:5: 1913 daAuts
     D:8: 1905 daAuts
   Orc:2: 1899 daAuts
 Snake:4: 1830 daAuts
  Lair:6: 1761 daAuts
    D:15: 1721 daAuts
  Lair:2: 1708 daAuts
 Crypt:1: 1700 daAuts
   Elf:1: 1696 daAuts
